Workbook

Sheet INICIO
B1: FORMATO SOLICITUD DE COTIZACIÓN
B2: ALCALDÍA LOCAL DE ENGATIVA
B5: ADVERTENCIA | C5: La cotización recibida servira de base para la elaboración de un estudio de mercado, y por tanto, no constituye en si misma una oferta y consecuentemente NO obliga a ninguna de las partes.
B6: OBJETO
B7: VALIDEZ DE LA CONTRATACIÓN | C7: Se solicita que la cotización tenga validez minimo 3 Meses a partir de su expedición.
B8: ESPECIFICACIONES TECNICAS | C8: Para visualizar las especificaciones tecnicas dirijase a la pestaña Especificaciones Tecnicas
B9: CONDICIONES DE CONTRATACIÓN | C9: PLAZO
B10: CODIGOS UNSPSC | C10: SEGMENTO | D10: FAMILIA | E10: CLASE | F10: NOMBRE
B20: Solicita y elabora:
C21: Profesional de Planeación FDLE
B22: Revisó:
C23: Profesional de Planeación FDLE

Sheet ESPECIFICACIONES TECNICAS (ev)
B1: OO | C1: DESCRIPCIÓN | D1: CANTIDAD | E1: Unidad de medida | F1: Tiempo | G1: Unidad de medida | H1: Valor univario sin IVA | I1: Valor total sin IVA | J1: Valor univario sin IVA | K1: Valor total sin IVA | L1: Valor univario sin IVA | M1: Valor total sin IVA | N1: PROMEDIO UNITARIO | O1: TOTAL PROMEDIO SIN IVA | P1: DESVIACIÓN ESTANDAR | Q1: COEFICIENTE DE VARIACIÓN PROMEDIO | R1: MEDIANA UNITARIO | S1: TOTAL MEDIANA SIN IVA | T1: COEFICIENTE DE VARIACIÓN MEDIANA | U1: Cotizacion 1 | V1: Cotizacion 2 | W1: Cotizacion 3 | X1: RESPONSABLE
A2: ÍTEM
A3: TALENTO HUMANO TRANSVERSAL
A4: 1 | B4: Coordinador(a) general del proyecto | C4: FORMACIÓN PROFESIONAL DE ACUERDO AL ÁREA DE CONOCIMIENTO DEL NÚCLEO BÁSICO DEL CONOCIMIENTO. Área Básica del Conocimiento en administración deportiva y/o Profesional en gestión deportiva y/o profesional en ciencias del deporte y/o profesional en deporte y actividad física y/o licenciado en educación física y/o recreación y deporte y/o profesional de la cultura física, deporte y recreación. EXPERIENCIA PROFESIONAL Cinco (5) años de experiencia profesional, contados a partir de la terminación de materias y/o fecha de grado, según aplique. EXPERIENCIA ESPECIFICA cuatro (4) años de experiencia adicional relacionada como Coordinador y/o Supervisor y/o Gerente, en coordinación de eventos recreativos y/o deportivos dirigidos a jóvenes y/o adulto mayor y/o población de enfoques diferenciales y/o población convencional. Dedicación 100%. | D4: 1 | E4: unidad | F4: 7 | G4: MES | H4: 7688001 | I4: =+H4*F4*D4 -> 53816007 | N4: =+AVERAGE(H4,J4,L4) -> 7688001 | O4: =+N4*D4*F4 -> 53816007 | P4: =+_xlfn.STDEV.P(H4,J4,L4) -> 0 | Q4: =+P4/N4 -> 0 | R4: =+MEDIAN(H4,J4,L4) -> 7688001 | S4: =+R4*D4*F4 -> 53816007 | T4: =+P4/R4 -> 0 | U4: TABLA DE HONORARIOS SECRETARIA DE GOBIERNO
A5: 2 | B5: Monitor General Eventos | C5: FORMACIÓN PROFESIONAL DE ACUERDO AL ÁREA DE CONOCIMIENTO DEL NÚCLEO BÁSICO DEL CONOCIMIENTO. Profesional en el Área Básica del Conocimiento en administrador deportivo y/o Profesional en gestión deportiva y/o profesional en ciencias del deporte y/o profesional en deporte y actividad física y/o licenciado en educación física y/o recreación y deporte y/o profesional de la cultura física, deporte y recreación. EXPERIENCIA PROFESIONAL que cuente mínimo con tres (3) años de experiencia profesional, contados a partir de la terminación de materias y/o fecha de grado, según aplique. cumpliendo funciones coordinación y/o dirección y/o planeación de eventos recreos deportivos. Dedicacion 100% | D5: 2 | E5: unidad | F5: 7 | G5: mes | H5: 7688001 | I5: =+H5*F5*D5 -> 107632014 | N5: =+AVERAGE(H5,J5,L5) -> 7688001 | O5: =+N5*D5*F5 -> 107632014 | P5: =+_xlfn.STDEV.P(H5,J5,L5) -> 0 | Q5: =+P5/N5 -> 0 | R5: =+MEDIAN(H5,J5,L5) -> 7688001 | S5: =+R5*D5*F5 -> 107632014 | T5: =+P5/R5 -> 0 | U5: TABLA DE HONORARIOS SECRETARIA DE GOBIERNO | X5: ñ
A6: 3 | B6: Asistente Administrativo | C6: FORMACIÓN TÉCNICA O TECNOLÓGICA DE ACUERDO AL ÁREA DE CONOCIMIENTO DEL NÚCLEO BÁSICO DEL CONOCIMIENTO. Se requiere una persona con los siguientes estudios, de acuerdo con las Áreas definidas en el Sistema Nacional de Información de la Educación Superior - SNIES: Tecnología en logística Tecnología en Asistencia Gerencial • Tecnología en Gestión Del Talento Humano • Tecnología en Administración de empresas EXPERIENCIA LABORAL Tres (3) años de experiencia laboral, contados a partir de la terminación de materias y/o fecha de grado, según aplique. EXPERIENCIA ESPECIFICA De un (1) año como auxiliar o apoyo administrativo, apoyando la gestión administrativa, presentación de informes y relaciones interinstitucionales para la ejecución de proyectos sociales y/o deportivos y/o culturales. Dedicación 100%. | D6: 2 | E6: unidad | F6: 7 | G6: mes | H6: 3100001 | I6: =+H6*F6*D6 -> 43400014 | N6: =+AVERAGE(H6,J6,L6) -> 3100001 | O6: =+N6*D6*F6 -> 43400014 | P6: =+_xlfn.STDEV.P(H6,J6,L6) -> 0 | Q6: =+P6/N6 -> 0 | R6: =+MEDIAN(H6,J6,L6) -> 3100001 | S6: =+R6*D6*F6 -> 43400014 | T6: =+P6/R6 -> 0 | U6: TABLA DE HONORARIOS SECRETARIA DE GOBIERNO | X6: ñ
B7: PÓLIZAS CONTRA ACCIDENTES O EXTRA CONTRACTUAL | C7: Póliza de seguros de para accidentes personales expedida por Compañía de Seguros debidamente autorizada por la Superintendencia Financiera de Colombia o quien haga sus veces que ampare los perjuicios imputables al asegurado por accidentes, lesiones o muerte a personas o daños a bienes, en desarrollo o con ocasión de la actividad recreo deportiva incluyendo lo que ocurra en el lugar donde se lleve a cabo la actividad y su área circunvecina. La cobertura debe ser para dentro y fuera de Bogotá (Durante toda la actividad y 30 días posteriores a estas). Amparos para cada una de las personas que participen de la actividad: Por muerte $10.000.000, invalidez y desmembración $10.000.000, gastos funerarios $2.000.000 y gastos médicos $2.000.000. PARA TODO EL CONTRATO | D7: 1 | E7: global | F7: =D38*F38+500+D86+D96+D138+D183*F183+D217+D280+D283 -> 6820 | G7: personas | H7: 10800 | I7: =+H7*F7*D7 -> 73656000 | J7: 12200 | K7: =+J7*F7*D7 -> 83204000 | L7: 10800 | M7: =+L7*F7*D7 -> 73656000 | N7: =+AVERAGE(H7,J7,L7) -> 11266.667 | O7: =+N7*D7*F7 -> 76838667 | P7: =+_xlfn.STDEV.P(H7,J7,L7) -> 659.96633 | Q7: =+P7/N7 -> 0.058576893 | R7: =+MEDIAN(H7,J7,L7) -> 10800 | S7: =+R7*D7*F7 -> 73656000 | T7: =+P7/R7 -> 0.061107993 | U7: DREAMS | V7: NEXT ENTERTAINMET | W7: BETTERLINE
A8: 4 | B8: Facilitadores | C8: TÍTULO DE BACHILLER. EXPERIENCIA ESPECIFICA Mínimo 1 año de experiencia en trabajo comunitario y/o tener experiencia en trabajo logístico. Dedicación 100%. | D8: 4 | E8: unidades | F8: 7 | G8: mes | H8: 1540000 | I8: =+H8*F8*D8 -> 43120000 | N8: =+AVERAGE(H8,J8,L8) -> 1540000 | O8: =+N8*D8*F8 -> 43120000 | P8: =+_xlfn.STDEV.P(H8,J8,L8) -> 0 | Q8: =+P8/N8 -> 0 | R8: =+MEDIAN(H8,J8,L8) -> 1540000 | S8: =+R8*D8*F8 -> 43120000 | T8: =+P8/R8 -> 0 | U8: TABLA DE HONORARIOS SECRETARIA DE GOBIERNO | X8: TOTAL PROMEDIO | Y8: TOTAL MEDIANA
A9: 5 | B9: Plan de medios comunitarios RADIO, DIGITAL, IMPRESOS Y REDES (en medios comunitarios de la localidad de Engativá; mínimo tres canales distintos) | C9: BOLSA A MONTO AGOTABLE PARA TODO EL CONTRATO Y SUS COMPONENTES Y/O ACTIVIDADES (valor unitario mensual por 7 meses de ejecución). OBJETO: Diseñar, producir y ejecutar un plan de medios comunitarios multicanal en la localidad de Engativá que dé a conocer el propósito del proyecto, convoque e invite a la ciudadanía a las actividades recreo-deportivas, y garantice cobertura y difusión de cada actividad, manteniendo el carácter participativo y pedagógico del mensaje institucional. El plan NO se limita a un solo medio ni a medios escritos: debe combinar como mínimo tres (3) canales distintos entre los siguientes, todos de circulación o audiencia comunitaria en Engativá. CANALES Y COMPONENTES: 1. Radio comunitaria: entrevistas y notas en vivo, pregrabadas o transcritas con voceros de la Alcaldía Local y de la comunidad; parrilla de cuñas y menciones radiales que convoquen a cada actividad (según el calendario aprobado por la supervisión). 2. Medios digitales y redes sociales: publirreportajes y notas web en portales/medios comunitarios; piezas gráficas, videos cortos (formato vertical) y fotoreportaje institucional para redes del medio y de la Alcaldía Local; pauta digital segmentada a la localidad cuando la supervisión lo requiera. 3. Medios impresos comunitarios y piezas impresas: nota tipo publirreportaje (un cuarto de página) en periódico o boletín comunitario de Engativá cuando el calendario lo exija; volantes, afiches, plegables, botones y demás impresos requeridos para el desarrollo de las actividades. 4. Cubrimiento de actividades: registro fotográfico y audiovisual de las actividades masivas para alimentar los canales anteriores. FORMATO MÍNIMO DE LAS NOTAS Y PUBLIRREPORTAJES: titular y subtítulos llamativos; entradilla (lead) con el mensaje central; desarrollo con citas de voceros, contexto del proyecto o acción institucional, testimonios, cifras y frases clave; recuadro con "dato clave"; mínimo 3 imágenes de alta calidad con pie de foto; llamado a la acción final; datos de contacto o enlace a las redes de la Alcaldía Local de Engativá. ENTREGABLES (informe mensual con evidencias): certificación o registro de emisión/publicación por canal; publicaciones en PDF, Word y enlaces; imágenes en alta resolución con pie de foto; propuesta de titular y copy para redes; pantallazos de la información compartida con líderes comunitarios y grupos de la localidad; reporte de alcance e impresiones de los canales digitales. RECURSO HUMANO MÍNIMO (incluido en el valor unitario): periodista o comunicador social, locutor o productor radial, diseñador gráfico, editor audiovisual/camarógrafo, community manager y corrector de estilo. JUSTIFICACIÓN DEL VALOR: el valor unitario cubre, durante cada mes de ejecución, la producción, edición, difusión y pauta en varios canales, el talento humano especializado de cada uno, los derechos de emisión/publicación y la impresión de piezas, así como el informe de evidencias y alcance; se cobra únicamente lo efectivamente ejecutado hasta agotar el monto. Todas las piezas deben ser aprobadas por la oficina de prensa y comunicaciones de la Alcaldía Local de Engativá, y las cantidades y elementos serán aprobados en comité técnico. | D9: 1 | E9: global | F9: 7 | G9: meses | H9: 20000000 | I9: =+H9*F9*D9 -> 140000000 | N9: =+AVERAGE(H9,J9,L9) -> 20000000 | O9: =+N9*D9*F9 -> 140000000 | P9: =+_xlfn.STDEV.P(H9,J9,L9) -> 0 | Q9: =+P9/N9 -> 0 | R9: =+MEDIAN(H9,J9,L9) -> 20000000 | S9: =+R9*D9*F9 -> 140000000 | T9: =+P9/R9 -> 0 | U9: MONTO AGOTABLE | X9: =SUM(O4:O9) -> 4.648067e+08 | Y9: =SUM(S4:S9) -> 461624035
C10: Meta 2026: Beneficiar 2800 personas en actividades recreo deportivas comunitarias
C11: Actividad 1 - Salida Recreo deportiva para Persona Mayor. P.P. 50749 - Festival de la persona mayor
C12: TALENTO HUMANO
A13: 6 | B13: Coordinador general de jornada | C13: Profesional en áreas administrativas, sociales, recreativas, salud, gerontología o afines, con mínimo 3 años de experiencia en coordinación de eventos, programas sociales, recreativos o atención de población adulta mayor. | D13: 1 | E13: SERVICIOS | F13: 1 | G13: JORNADA | H13: =7996001/30 -> 266533.37 | I13: =+H13*D13*F13 -> 266533.37 | N13: =+AVERAGE(H13,J13,L13) -> 266533.37 | O13: =+N13*D13*F13 -> 266533.37 | P13: =+_xlfn.STDEV.P(H13,J13,L13) -> 0 | Q13: =+P13/N13 -> 0 | R13: =+MEDIAN(H13,J13,L13) -> 266533.37 | S13: =+R13*D13*F13 -> 266533.37 | T13: =+P13/R13 -> 0 | U13: TABLA DE HONORARIOS SECRETARIA DE GOBIERNO
A14: 7 | B14: Coordinadores logísticos de grupo | C14: Técnico, tecnólogo 2 años de experiencia en coordinación de actividades masivas, recreativas, sociales o atención de adultos mayores. | D14: 4 | E14: SERVICIOS | F14: 1 | G14: MES | H14: =3224001 -> 3224001 | I14: =+H14*D14*F14 -> 12896004 | N14: =+AVERAGE(H14,J14,L14) -> 3224001 | O14: =+N14*D14*F14 -> 12896004 | P14: =+_xlfn.STDEV.P(H14,J14,L14) -> 0 | Q14: =+P14/N14 -> 0 | R14: =+MEDIAN(H14,J14,L14) -> 3224001 | S14: =+R14*D14*F14 -> 12896004 | T14: =+P14/R14 -> 0 | U14: TABLA DE HONORARIOS SECRETARIA DE GOBIERNO
A15: 8 | B15: Técnico en comunicaciones, periodismo, producción audiovisual, diseño, publicidad, medios digitales o áreas afines. | C15: Técnico, tecnólogo o profesional con mínimo 1 año de experiencia en comunicaciones, periodismo, producción audiovisual, diseño, publicidad, medios digitales o áreas afines. | D15: 1 | E15: SERVICIOS | F15: 1 | G15: MES | H15: =3224001 -> 3224001 | I15: =+H15*D15*F15 -> 3224001 | N15: =+AVERAGE(H15,J15,L15) -> 3224001 | O15: =+N15*D15*F15 -> 3224001 | P15: =+_xlfn.STDEV.P(H15,J15,L15) -> 0 | Q15: =+P15/N15 -> 0 | R15: =+MEDIAN(H15,J15,L15) -> 3224001 | S15: =+R15*D15*F15 -> 3224001 | T15: =+P15/R15 -> 0 | U15: TABLA DE HONORARIOS SECRETARIA DE GOBIERNO
A16: 9 | B16: Auxiliares / acompañantes / cuidadores de adultos mayores | C16: Formación como auxiliar, técnico, tecnólogo o experiencia certificada mínima de 1 año en acompañamiento, cuidado o atención de adultos mayores. | D16: 24 | E16: SERVICIOS | F16: 4 | G16: JORNADA | H16: =3224001/30 -> 107466.7 | I16: =+H16*D16*F16 -> 10316803 | N16: =+AVERAGE(H16,J16,L16) -> 107466.7 | O16: =+N16*D16*F16 -> 10316803 | P16: =+_xlfn.STDEV.P(H16,J16,L16) -> 0 | Q16: =+P16/N16 -> 0 | R16: =+MEDIAN(H16,J16,L16) -> 107466.7 | S16: =+R16*D16*F16 -> 10316803 | T16: =+P16/R16 -> 0 | U16: TABLA DE HONORARIOS SECRETARIA DE GOBIERNO
A17: 10 | B17: Auxiliares adicionales para personas con movilidad reducida o necesidades particulares | C17: Formación y/o experiencia en atención y acompañamiento de personas con movilidad reducida, discapacidad o necesidades especiales. | D17: 4 | E17: SERVICIOS | F17: 4 | G17: JORNADA | H17: =3224001/30 -> 107466.7 | I17: =+H17*D17*F17 -> 1719467.2 | N17: =+AVERAGE(H17,J17,L17) -> 107466.7 | O17: =+N17*D17*F17 -> 1719467.2 | P17: =+_xlfn.STDEV.P(H17,J17,L17) -> 0 | Q17: =+P17/N17 -> 0 | R17: =+MEDIAN(H17,J17,L17) -> 107466.7 | S17: =+R17*D17*F17 -> 1719467.2 | T17: =+P17/R17 -> 0 | U17: TABLA DE HONORARIOS SECRETARIA DE GOBIERNO
A18: 11 | B18: Profesionales/técnicos recreativos | C18: Mínimo 2 años de experiencia en recreación, actividad física, deporte, aprovechamiento del tiempo libre o trabajo con adultos mayores. | D18: 6 | E18: SERVICIOS | F18: 4 | G18: JORNADA | H18: =5860001/30 -> 195333.37 | I18: =+H18*D18*F18 -> 4688000.8 | N18: =+AVERAGE(H18,J18,L18) -> 195333.37 | O18: =+N18*D18*F18 -> 4688000.8 | P18: =+_xlfn.STDEV.P(H18,J18,L18) -> 0 | Q18: =+P18/N18 -> 0 | R18: =+MEDIAN(H18,J18,L18) -> 195333.37 | S18: =+R18*D18*F18 -> 4688000.8 | T18: =+P18/R18 -> 0 | U18: TABLA DE HONORARIOS SECRETARIA DE GOBIERNO
A19: 12 | B19: Profesionales en actividad física, deporte o afines | C19: Profesional o tecnólogo en actividad física, deporte, educación física o áreas afines; mínimo 2 años de experiencia con población adulta mayor. | D19: 3 | E19: SERVICIOS | F19: 4 | G19: JORNADA | H19: =5860001/30 -> 195333.37 | I19: =+H19*D19*F19 -> 2344000.4 | N19: =+AVERAGE(H19,J19,L19) -> 195333.37 | O19: =+N19*D19*F19 -> 2344000.4 | P19: =+_xlfn.STDEV.P(H19,J19,L19) -> 0 | Q19: =+P19/N19 -> 0 | R19: =+MEDIAN(H19,J19,L19) -> 195333.37 | S19: =+R19*D19*F19 -> 2344000.4 | T19: =+P19/R19 -> 0 | U19: TABLA DE HONORARIOS SECRETARIA DE GOBIERNO
A20: 13 | B20: Médico | C20: Médico con tarjeta profesional vigente y mínimo 2 años de experiencia en atención de urgencias, atención primaria, atención de adultos mayores o emergencias. | D20: 2 | E20: SERVICIOS | F20: 4 | G20: JORNADA | H20: =5860001/30 -> 195333.37 | I20: =+H20*D20*F20 -> 1562666.9 | N20: =+AVERAGE(H20,J20,L20) -> 195333.37 | O20: =+N20*D20*F20 -> 1562666.9 | P20: =+_xlfn.STDEV.P(H20,J20,L20) -> 0 | Q20: =+P20/N20 -> 0 | R20: =+MEDIAN(H20,J20,L20) -> 195333.37 | S20: =+R20*D20*F20 -> 1562666.9 | T20: =+P20/R20 -> 0 | U20: TABLA DE HONORARIOS SECRETARIA DE GOBIERNO
A21: 14 | B21: Enfermeros profesionales | C21: Profesional en enfermería, registro profesional vigente y mínimo 2 años de experiencia en atención clínica, urgencias o población adulta mayor. | D21: 1 | E21: SERVICIOS | F21: 4 | G21: JORNADA | H21: =5860001/30 -> 195333.37 | I21: =+H21*D21*F21 -> 781333.47 | N21: =+AVERAGE(H21,J21,L21) -> 195333.37 | O21: =+N21*D21*F21 -> 781333.47 | P21: =+_xlfn.STDEV.P(H21,J21,L21) -> 0 | Q21: =+P21/N21 -> 0 | R21: =+MEDIAN(H21,J21,L21) -> 195333.37 | S21: =+R21*D21*F21 -> 781333.47 | T21: =+P21/R21 -> 0 | U21: TABLA DE HONORARIOS SECRETARIA DE GOBIERNO
A22: 15 | B22: Auxiliares de enfermería | C22: Técnico laboral como auxiliar de enfermería, certificación vigente y mínimo 1 año de experiencia en atención asistencial, urgencias o adultos mayores. | D22: 6 | E22: SERVICIOS | F22: 4 | G22: JORNADA | H22: =3224001/30 -> 107466.7 | I22: =+H22*D22*F22 -> 2579200.8 | N22: =+AVERAGE(H22,J22,L22) -> 107466.7 | O22: =+N22*D22*F22 -> 2579200.8 | P22: =+_xlfn.STDEV.P(H22,J22,L22) -> 0 | Q22: =+P22/N22 -> 0 | R22: =+MEDIAN(H22,J22,L22) -> 107466.7 | S22: =+R22*D22*F22 -> 2579200.8 | T22: =+P22/R22 -> 0 | U22: TABLA DE HONORARIOS SECRETARIA DE GOBIERNO
A23: 16 | B23: Personal de primeros auxilios / APH | C23: Formación certificada en primeros auxilios y/o atención prehospitalaria, con experiencia mínima de 1 año. | D23: 2 | E23: SERVICIOS | F23: 4 | G23: JORNADA | H23: =3640001/30 -> 121333.37 | I23: =+H23*D23*F23 -> 970666.93 | N23: =+AVERAGE(H23,J23,L23) -> 121333.37 | O23: =+N23*D23*F23 -> 970666.93 | P23: =+_xlfn.STDEV.P(H23,J23,L23) -> 0 | Q23: =+P23/N23 -> 0 | R23: =+MEDIAN(H23,J23,L23) -> 121333.37 | S23: =+R23*D23*F23 -> 970666.93 | T23: =+P23/R23 -> 0 | U23: TABLA DE HONORARIOS SECRETARIA DE GOBIERNO
A24: 17 | B24: Personal de embarque y desembarque | C24: Mínimo 1 año de experiencia en logística, eventos, transporte de pasajeros o atención de población vulnerable. | D24: 8 | E24: SERVICIOS | F24: 4 | G24: JORNADA | H24: =3095001/30 -> 103166.7 | I24: =+H24*D24*F24 -> 3301334.4 | N24: =+AVERAGE(H24,J24,L24) -> 103166.7 | O24: =+N24*D24*F24 -> 3301334.4 | P24: =+_xlfn.STDEV.P(H24,J24,L24) -> 0 | Q24: =+P24/N24 -> 0 | R24: =+MEDIAN(H24,J24,L24) -> 103166.7 | S24: =+R24*D24*F24 -> 3301334.4 | T24: =+P24/R24 -> 0 | U24: TABLA DE HONORARIOS SECRETARIA DE GOBIERNO
A25: 18 | B25: Personal de apoyo en alimentación y zonas comunes | C25: Mínimo 1 año de experiencia en logística de eventos o atención al público. | D25: 6 | E25: SERVICIOS | F25: 4 | G25: JORNADA | H25: =3095001/30 -> 103166.7 | I25: =+H25*D25*F25 -> 2476000.8 | N25: =+AVERAGE(H25,J25,L25) -> 103166.7 | O25: =+N25*D25*F25 -> 2476000.8 | P25: =+_xlfn.STDEV.P(H25,J25,L25) -> 0 | Q25: =+P25/N25 -> 0 | R25: =+MEDIAN(H25,J25,L25) -> 103166.7 | S25: =+R25*D25*F25 -> 2476000.8 | T25: =+P25/R25 -> 0 | U25: TABLA DE HONORARIOS SECRETARIA DE GOBIERNO
A26: 19 | B26: Personal para control de manillas y registro de participantes | C26: Mínimo 1 año de experiencia en manejo de sistemas de registro, control de acceso o logística de eventos. | D26: 4 | E26: SERVICIOS | F26: 4 | G26: JORNADA | H26: =3095001/30 -> 103166.7 | I26: =+H26*D26*F26 -> 1650667.2 | N26: =+AVERAGE(H26,J26,L26) -> 103166.7 | O26: =+N26*D26*F26 -> 1650667.2 | P26: =+_xlfn.STDEV.P(H26,J26,L26) -> 0 | Q26: =+P26/N26 -> 0 | R26: =+MEDIAN(H26,J26,L26) -> 103166.7 | S26: =+R26*D26*F26 -> 1650667.2 | T26: =+P26/R26 -> 0 | U26: TABLA DE HONORARIOS SECRETARIA DE GOBIERNO
A27: 20 | B27: Coordinadores de transporte | C27: Mínimo 2 años de experiencia en coordinación logística o transporte de grupos. | D27: 2 | E27: SERVICIOS | F27: 4 | G27: JORNADA | H27: =3640001/30 -> 121333.37 | I27: =+H27*D27*F27 -> 970666.93 | N27: =+AVERAGE(H27,J27,L27) -> 121333.37 | O27: =+N27*D27*F27 -> 970666.93 | P27: =+_xlfn.STDEV.P(H27,J27,L27) -> 0 | Q27: =+P27/N27 -> 0 | R27: =+MEDIAN(H27,J27,L27) -> 121333.37 | S27: =+R27*D27*F27 -> 970666.93 | T27: =+P27/R27 -> 0 | U27: TABLA DE HONORARIOS SECRETARIA DE GOBIERNO
C28: RECURSOS LOGISTICOS
A29: 22 | B29: Ambulancia medicalizada | C29: Ambulancia habilitada de acuerdo con la normativa sanitaria vigente, con dotación completa para atención y traslado de pacientes, camilla, equipos de soporte vital, oxígeno medicinal, elementos de inmovilización, monitorización y demás dotación exigida para el tipo de ambulancia. Deberá permanecer disponible de manera exclusiva durante toda la jornada. | D29: 1 | E29: unidad | F29: 4 | G29: JORNADA | H29: 2180000 | I29: =+H29*F29*D29 -> 8720000 | J29: 3000000 | K29: =+J29*F29*D29 -> 12000000 | L29: 2640000 | M29: =+L29*F29*D29 -> 10560000 | N29: =+AVERAGE(H29,J29,L29) -> 2606666.7 | O29: =+N29*D29*F29 -> 10426667 | P29: =+_xlfn.STDEV.P(H29,J29,L29) -> 335592.35 | Q29: =+P29/N29 -> 0.12874387 | R29: =+MEDIAN(H29,J29,L29) -> 2640000 | S29: =+R29*D29*F29 -> 10560000 | T29: =+P29/R29 -> 0.12711831 | U29: KUSTER | V29: AMERICANA CORP | W29: ALDESARROLLO
A30: 23 | B30: Bus de servicio especial con baño | C30: Vehículo tipo bus para transporte de pasajeros, con baño a bordo, capacidad mínima de 40 pasajeros, cinturones de seguridad individuales, aire acondicionado o sistema adecuado de ventilación, sillas en condiciones óptimas, espacio para personas con movilidad reducida cuando sea requerido, SOAT y revisión técnico-mecánica vigentes. 15 conductores Experiencia mínima de dos (2) años como conductor de vehículos de transporte de pasajeros o vehículos de características similares. Licencia de conducción categoría C2 vigente, de conformidad con el tipo de vehículo y servicio a prestar. Contar con la edad mínima legalmente establecida para la conducción de vehículos de servicio público. Acreditar aptitud física, mental y de coordinación motriz para la conducción, conforme a la normativa vigente. No registrar antecedentes que impidan el ejercicio del cargo, de acuerdo con las verificaciones legalmente procedentes. Cumplir los demás requisitos y certificaciones exigidos por la normatividad vigente para conductores de servicio público. | D30: 17 | E30: SERVICIOS | F30: 4 | G30: JORNADA | H30: 4432883 | I30: =+H30*F30*D30 -> 301436044 | J30: 4517571 | K30: =+J30*F30*D30 -> 307194828 | L30: 4432883 | M30: =+L30*F30*D30 -> 301436044 | N30: =+AVERAGE(H30,J30,L30) -> 4461112.3 | O30: =+N30*D30*F30 -> 3.0335564e+08 | P30: =+_xlfn.STDEV.P(H30,J30,L30) -> 39922.306 | Q30: =+P30/N30 -> 0.0089489578 | R30: =+MEDIAN(H30,J30,L30) -> 4432883 | S30: =+R30*D30*F30 -> 301436044 | T30: =+P30/R30 -> 0.0090059463 | U30: ACUERDO MARCO DE TRANSPORTE | V30: ACUERDO MARCO DE TRANSPORTE | W30: ACUERDO MARCO DE TRANSPORTE
A31: 24 | B31: Bus de contingencia con baño | C31: Bus de las mismas características técnicas y de seguridad de los vehículos principales, disponible para atender contingencias, reemplazos, fallas mecánicas o necesidades operativas durante la jornada. | D31: 1 | E31: unidad | F31: 4 | G31: JORNADA | H31: 4432883 | I31: =+H31*F31*D31 -> 17731532 | J31: 4517571 | K31: =+J31*F31*D31 -> 18070284 | L31: 4432883 | M31: =+L31*F31*D31 -> 17731532 | N31: =+AVERAGE(H31,J31,L31) -> 4461112.3 | O31: =+N31*D31*F31 -> 17844449 | P31: =+_xlfn.STDEV.P(H31,J31,L31) -> 39922.306 | Q31: =+P31/N31 -> 0.0089489578 | R31: =+MEDIAN(H31,J31,L31) -> 4432883 | S31: =+R31*D31*F31 -> 17731532 | T31: =+P31/R31 -> 0.0090059463 | U31: ACUERDO MARCO DE TRANSPORTE | V31: ACUERDO MARCO DE TRANSPORTE | W31: ACUERDO MARCO DE TRANSPORTE
A32: 25 | B32: MODULO MEC | C32: Punto MEC instalado en una carpa de 4x4 mínimo dieciséis {16) metros cuadrados de área Las áreas o carpas utilizadas para estos módulos deben estar señalizados e identificados con aviso de 80cm * 100cm que indique "M.E.C-Módulo de Estabilización y Clasificación de He­ ridos". -(3) Recipientes plásticos y rígidos {tipo canecas) con bolsas para el desecho de residuos peligrosos, no peligrosos y residuos corto punzantes -Mínimo dos (2) auxiliares de enfermería que deben estar con Uniforme, Equipo de Actuación y Protección básico, deben ajustarse al Plan de Acción de Atención Médica y Primeros Auxilios. -(1) Botiquín de primeros auxilios tipo acuerdo a lo establecido en la re­ solución 705 de 2007. | D32: 0 | E32: unidad | F32: 4 | G32: JORNADA | H32: =+(3325000*5.35%)+3325000 -> 3502887.5 | I32: =+H32*F32*D32 -> 0 | J32: =+(3395000*5.35%)+3395000 -> 3576632.5 | K32: =+J32*F32*D32 -> 0 | L32: =+(3780000*5.35%)+3780000 -> 3982230 | M32: =+L32*F32*D32 -> 0 | N32: =+AVERAGE(H32,J32,L32) -> 3687250 | O32: =+N32*D32*F32 -> 0 | P32: =+_xlfn.STDEV.P(H32,J32,L32) -> 210743.89 | Q32: =+P32/N32 -> 0.057154761 | R32: =+MEDIAN(H32,J32,L32) -> 3576632.5 | S32: =+R32*D32*F32 -> 0 | T32: =+P32/R32 -> 0.058922434 | U32: BL EFECTOS | V32: THUNDER | W32: NEXT
A33: 26 | B33: Manilla individual de identificación y localización | C33: Manilla resistente al agua, ajustable, de uso individual, con sistema de identificación mediante código único, código QR, código de barras o sistema equivalente. Deberá permitir asociar al participante con grupo, vehículo y contacto de emergencia. | D33: 650 | E33: unidad | F33: 4 | G33: JORNADA | H33: 230 | I33: =+H33*F33*D33 -> 598000 | J33: 289 | K33: =+J33*F33*D33 -> 751400 | L33: 236 | M33: =+L33*F33*D33 -> 613600 | N33: =+AVERAGE(H33,J33,L33) -> 251.66667 | O33: =+N33*D33*F33 -> 654333.33 | P33: =+_xlfn.STDEV.P(H33,J33,L33) -> 26.512052 | Q33: =+P33/N33 -> 0.1053459 | R33: =+MEDIAN(H33,J33,L33) -> 236 | S33: =+R33*D33*F33 -> 613600 | T33: =+P33/R33 -> 0.1123392 | U33: ARTES YA | V33: RINOGRAF | W33: MANLLAS DE CONTROL
A34: 27 | B34: Manillas de contingencia | C34: Manillas con las mismas características de las principales, destinadas a reposición por pérdida, daño o novedades durante la jornada. | D34: 50 | E34: unidad | F34: 4 | G34: JORNADA | H34: 230 | I34: =+H34*F34*D34 -> 46000 | J34: 289 | K34: =+J34*F34*D34 -> 57800 | L34: 236 | M34: =+L34*F34*D34 -> 47200 | N34: =+AVERAGE(H34,J34,L34) -> 251.66667 | O34: =+N34*D34*F34 -> 50333.333 | P34: =+_xlfn.STDEV.P(H34,J34,L34) -> 26.512052 | Q34: =+P34/N34 -> 0.1053459 | R34: =+MEDIAN(H34,J34,L34) -> 236 | S34: =+R34*D34*F34 -> 47200 | T34: =+P34/R34 -> 0.1123392 | U34: ARTES YA | V34: RINOGRAF | W34: MANILLAS DE CONTROLÇ
A35: 29 | B35: Botella Agua potable para hidratación | C35: Botella de Agua potable en presentación individual 600 ml | D35: 650 | E35: unidad | F35: 4 | G35: JORNADA | H35: 1345 | I35: =+H35*F35*D35 -> 3497000 | J35: 1933 | K35: =+J35*F35*D35 -> 5025800 | L35: 1765 | M35: =+L35*F35*D35 -> 4589000 | N35: =+AVERAGE(H35,J35,L35) -> 1681 | O35: =+N35*D35*F35 -> 4370600 | P35: =+_xlfn.STDEV.P(H35,J35,L35) -> 247.2893 | Q35: =+P35/N35 -> 0.14710845 | R35: =+MEDIAN(H35,J35,L35) -> 1765 | S35: =+R35*D35*F35 -> 4589000 | T35: =+P35/R35 -> 0.14010725 | U35: La estacion | V35: cruz verde | W35: Drogerias colsubsidio
A36: 30 | B36: Sistema de sonido para Rumba terapéutica | C36: Alquiler de un (1) Sistema de sonidov5.000 vatios de potencia con medios altos Une Array, bajos, monitores tarima, rack procesos, mínimo 16 micrófonos con sus respectivas bases, kit de baterías y/o cajas directas, computador portátil con unidad de C.D y/o DVD, consola digital de mínimo de 12 a 24 canales, dos micrófonos inalámbricos, con trípodes para cabinas. Incluye transporte, instalación, montaje y desmonte. Las características del sistema de so- nido serán ajustadas por el comité de acuerdo con la necesidad y en aras de mejorar la calidad del requerimiento. | D36: 1 | E36: unidad | F36: 4 | G36: JORNADA | H36: 5300000 | I36: =+H36*F36*D36 -> 21200000 | J36: 5000000 | K36: =+J36*F36*D36 -> 20000000 | L36: 5000000 | M36: =+L36*F36*D36 -> 20000000 | N36: =+AVERAGE(H36,J36,L36) -> 5100000 | O36: =+N36*D36*F36 -> 20400000 | P36: =+_xlfn.STDEV.P(H36,J36,L36) -> 141421.36 | Q36: =+P36/N36 -> 0.027729678 | R36: =+MEDIAN(H36,J36,L36) -> 5000000 | S36: =+R36*D36*F36 -> 20000000 | T36: =+P36/R36 -> 0.028284271 | U36: D&R PRODUCCIONES | V36: AUDIOPROYECTOS | W36: AMERICAN CORP
A37: 31 | B37: Tarima o plataforma para instructor | C37: Plataforma estable, antideslizante y de altura segura , con dimensiones adecuadas para permitir la visualización del instructor durante la rumba terapéutica y actividades dirigidas (8m x 8m). | D37: 1 | E37: unidad | F37: 4 | G37: JORNADA | H37: 2500000 | I37: =+H37*F37*D37 -> 10000000 | J37: 3000000 | K37: =+J37*F37*D37 -> 12000000 | L37: 3710000 | M37: =+L37*F37*D37 -> 14840000 | N37: =+AVERAGE(H37,J37,L37) -> 3070000 | O37: =+N37*D37*F37 -> 12280000 | P37: =+_xlfn.STDEV.P(H37,J37,L37) -> 496454.09 | Q37: =+P37/N37 -> 0.16171143 | R37: =+MEDIAN(H37,J37,L37) -> 3000000 | S37: =+R37*D37*F37 -> 12000000 | T37: =+P37/R37 -> 0.1654847 | U37: KUSTER | V37: AMERICANA CORP | W37: AUDIOPROYECTOS
A38: 32 | B38: Alquiler escenario recreativo | C38: Club campestre, centro vacacional, recreacional o establecimiento equivalente, ubicado dentro de un radio máximo de 100 km desde Bogotá D.C., con capacidad operativa mínima de 650 personas por jornada y condiciones adecuadas de seguridad, salubridad, accesibilidad y funcionamiento. Debe contar con zonas verdes, espacios recreativos, piscina, áreas de descanso, baterías sanitarias y espacios adecuados para alimentación y desarrollo de actividades. Áreas verdes amplias, limpias, seguras y mantenidas, aptas para actividades recreativas, deportivas, culturales, de integración y descanso. Deberán contar con zonas de sombra o mecanismos de protección frente a condiciones climáticas. Piscina de uso recreativo en adecuadas condiciones de mantenimiento, limpieza, señalización y seguridad. Debe contar con accesos seguros y medidas de prevención y control requeridas para su utilización por personas mayores.Espacio amplio, nivelado, seguro y libre de obstáculos, destinado al desarrollo de actividades recreativas, deportivas, culturales, artísticas y de integración programadas durante la jornada. Sillas plásticas o equivalentes, resistentes, estables y en buenas condiciones, distribuidas en las zonas de actividad y descanso para facilitar pausas durante la jornada.Mesas resistentes y estables, adecuadas para actividades de alimentación, integración y apoyo logístico.Baños suficientes de acuerdo con el aforo autorizado del establecimiento, en condiciones óptimas de higiene, funcionamiento y mantenimiento durante toda la jornada. Sanitarios accesibles para personas con discapacidad o movilidad reducida, con espacio de maniobra, barras de apoyo y acceso seguro, de acuerdo con la normatividad aplicable.Garantizar rutas accesibles desde el ingreso hasta las principales áreas utilizadas durante la actividad, incluyendo zonas verdes, alimentación, baños y espacios de actividades, mediante rampas, pasamanos, superficies firmes y demás elementos requeridos. Espacio cubierto, limpio, ventilado y acondicionado para la distribución y consumo de alimentos, con mobiliario suficiente para atender de manera organizada a los beneficiarios. Espacio identificado, accesible y acondicionado para atención primaria, valoración y estabilización inicial de los beneficiarios que lo requieran. Señalización visible y de fácil comprensión para identificar baños, zonas de alimentación, primeros auxilios, personal de seguridad, rutas de evacuación, ingreso, salida, puntos de encuentro, piscina y demás áreas de interés. Carpas, cubiertas, sombrillas o elementos equivalentes para garantizar zonas de protección frente al sol o lluvia, especialmente en áreas de espera, descanso y alimentación, según las condiciones del establecimiento y necesidades de la jornada. Puntos de suministro de agua potable ubicados estratégicamente para facilitar la hidratación permanente de los beneficiarios, incluyendo vasos y elementos necesarios para su funcionamiento. Canecas con bolsas para separación y disposición adecuada de residuos ordinarios y aprovechables, ubicadas en las zonas de mayor circulación y actividad. Sistema de amplificación adecuado para cubrir las áreas destinadas a las actividades, con consola, parlantes, micrófonos inalámbricos, cableado, operador y demás elementos requeridos para animación, instrucciones y actividades grupales. Planta eléctrica de respaldo, con capacidad suficiente para soportar los equipos eléctricos requeridos durante la jornada, incluyendo transporte, parqueadero, instalación, operación y desmontaje, cuando el establecimiento no garantice capacidad eléctrica suficiente. | D38: 650 | E38: unidad | F38: 4 | G38: JORNADA | H38: 70000 | I38: =+H38*F38*D38 -> 182000000 | J38: 70000 | K38: =+J38*F38*D38 -> 182000000 | L38: 70000 | M38: =+L38*F38*D38 -> 182000000 | N38: =+AVERAGE(H38,J38,L38) -> 70000 | O38: =+N38*D38*F38 -> 182000000 | P38: =+_xlfn.STDEV.P(H38,J38,L38) -> 0 | Q38: =+P38/N38 -> 0 | R38: =+MEDIAN(H38,J38,L38) -> 70000 | S38: =+R38*D38*F38 -> 182000000 | T38: =+P38/R38 -> 0 | U38: SINTRAEXITO | V38: EL ARCA AGROPARQUE | W38: LA PUERTA DEL SOL
A39: 33 | B39: Refrigerio AM | C39: PRODUCTO SOLIDO PRINCIPAL: 1 Pastel de pollo o un pastel gloriaBEBIDA TIPO: 1 Jugo o avena en cajaUNA FRUTA DE TEMPORADA TIPO: 1, Fruta (manzana, pera, durazno, banano, mandarina, o ciruela)COMPLEMENTO: 1 Dulce de chocolate.Nota: No bebidas azucaradas o procesados.el refrigerio debe estar en empaque individual en bandeja elaborada en cartón 100 % reciclable y biodegradable, debe ser balanceado y responder a la normatividad vigente en lo que corresponde a las características organolépticas de conservación. Este debe incluir la transporte y entrega en el sitio de las reuniones | D39: 650 | E39: Unidad | F39: 4 | G39: Jornadas | H39: =+(10756*100)/119 -> 9038.6555 | I39: =+H39*F39*D39 -> 23500504 | J39: =+(12017*100)/119 -> 10098.319 | K39: =+J39*F39*D39 -> 26255630 | L39: =+(10900*100)/119 -> 9159.6639 | M39: =+L39*F39*D39 -> 23815126 | N39: =+AVERAGE(H39,J39,L39) -> 9432.2129 | O39: =+N39*D39*F39 -> 24523754 | P39: =+_xlfn.STDEV.P(H39,J39,L39) -> 473.59202 | Q39: =+P39/N39 -> 0.050210065 | R39: =+MEDIAN(H39,J39,L39) -> 9159.6639 | S39: =+R39*D39*F39 -> 23815126 | T39: =+P39/R39 -> 0.051704083 | U39: MANUFACTURAS ALIMENTICIAS | V39: YARA ALIMENTOS | W39: Betty Campos Morales
A40: 34 | B40: GORRO DE PISCINA | C40: Talla única elaborado en silicona, látex o lycra, con laogo de la alcaldía a una tinta indeleble. | D40: 650 | E40: unidad | F40: 4 | G40: Jornadas | H40: =+(9900*100)/119 -> 8319.3277 | I40: =+H40*F40*D40 -> 21630252 | J40: =+(9520*100)/119 -> 8000 | K40: =+J40*F40*D40 -> 20800000 | L40: =+(8600*100)/119 -> 7226.8908 | M40: =+L40*F40*D40 -> 18789916 | N40: =+AVERAGE(H40,J40,L40) -> 7848.7395 | O40: =+N40*D40*F40 -> 20406723 | P40: =+_xlfn.STDEV.P(H40,J40,L40) -> 458.63162 | Q40: =+P40/N40 -> 0.058433793 | R40: =+MEDIAN(H40,J40,L40) -> 8000 | S40: =+R40*D40*F40 -> 20800000 | T40: =+P40/R40 -> 0.057328952 | U40: ALDESARROLLO | V40: TIENDA FIVEFIT | W40: DEPORTES REGOL
A41: 35 | B41: Almuerzo | C41: Proteína 120–150 g cocidosCarbohidrato 100–120 g cocidosVerdura 80–100 gBebida jugo 200 mlPostre 60–80 gDeberá incluir cuchara, cuchillo, tenedores, así como empaque todos de cartón ecológico, y un mínimo 2 servilletas. El empaque del almuerzo debe tener mínimo tres divisiones, Biodegradable. (lo anterior en un empaque que cumpla los lineamientos de la política ambiental del distrito capital con respecto a los plásticos y empaques de un solo uso.) Deben entregarse empacados individual y herméticamente, garantizando productos frescos y preparación del mismo día , incluye transporte de entrega | D41: 650 | E41: Unidad | F41: 4 | G41: Jornadas | H41: =+(21008*100)/119 -> 17653.782 | I41: =+H41*F41*D41 -> 45899832 | J41: =+(22269*100)/119 -> 18713.445 | K41: =+J41*F41*D41 -> 48654958 | L41: =+(21008*100)/119 -> 17653.782 | M41: =+L41*F41*D41 -> 45899832 | N41: =+AVERAGE(H41,J41,L41) -> 18007.003 | O41: =+N41*D41*F41 -> 46818207 | P41: =+_xlfn.STDEV.P(H41,J41,L41) -> 499.53034 | Q41: =+P41/N41 -> 0.027740893 | R41: =+MEDIAN(H41,J41,L41) -> 17653.782 | S41: =+R41*D41*F41 -> 45899832 | T41: =+P41/R41 -> 0.02829594 | U41: MANUFACTURAS ALIMENTICIAS | V41: YARA ALIMENTOS | W41: Betty Campos Morales
A42: 37 | B42: Refrigerio PM | C42: Refrigerio individual empacado, compuesto por una porción de alimento sólido y una bebida de mínimo 250 ml. Deberá ser adecuado para población mayor, fresco, higiénicamente preparado y transportado. Incluye servilleta y empaque individual. | D42: 650 | E42: Unidad | F42: 4 | G42: Jornadas | H42: =+(10756*100)/119 -> 9038.6555 | I42: =+H42*F42*D42 -> 23500504 | J42: =+(12017*100)/119 -> 10098.319 | K42: =+J42*F42*D42 -> 26255630 | L42: =+(10900*100)/119 -> 9159.6639 | M42: =+L42*F42*D42 -> 23815126 | N42: =+AVERAGE(H42,J42,L42) -> 9432.2129 | O42: =+N42*D42*F42 -> 24523754 | P42: =+_xlfn.STDEV.P(H42,J42,L42) -> 473.59202 | Q42: =+P42/N42 -> 0.050210065 | R42: =+MEDIAN(H42,J42,L42) -> 9159.6639 | S42: =+R42*D42*F42 -> 23815126 | T42: =+P42/R42 -> 0.051704083 | U42: MANUFACTURAS ALIMENTICIAS | V42: YARA ALIMENTOS | W42: Betty Campos Morales | X42: TOTAL PROMEDIO | Y42: TOTAL MEDIANA
A43: 38 | B43: Toalla | C43: Medidas: mínimo 30 cm x 70 cm y máximo 40 cm x 90 cm. Material: microfibra de composición mínima de 80% poliéster y 20% poliamida, o composición equivalente que garantice alta absorción y secado rápido. Gramaje: mínimo 200 g/m². Características: tejido suave al tacto, liviano, absorbente, de secado rápido, resistente al lavado y con costuras reforzadas en los bordes para evitar el deshilachado. Color: se deberá seleccionar dentro de la paleta de colores institucional definida por el Fondo de Desarrollo Local de Engativá, previa aprobación del área de Prensa/Comunicaciones. Personalización: estampado o bordado con los logos institucionales y/o nombre de la jornada, de acuerdo con el manual de identidad visual y las especificaciones aprobadas por el área de Prensa/Comunicaciones. Presentación: deberá entregarse doblada y empacada individualmente, preferiblemente con banda, cinta o empaque que facilite su inclusión dentro del kit. | D43: 2600 | E43: unidad | F43: 1 | G43: JORNADAS | H43: 20230 | I43: =+H43*F43*D43 -> 52598000 | J43: 23562 | K43: =+J43*F43*D43 -> 61261200 | L43: 19754 | M43: =+L43*F43*D43 -> 51360400 | N43: =+AVERAGE(H43,J43,L43) -> 21182 | O43: =+N43*D43*F43 -> 55073200 | P43: =+_xlfn.STDEV.P(H43,J43,L43) -> 1694.0964 | Q43: =+P43/N43 -> 0.079978114 | R43: =+MEDIAN(H43,J43,L43) -> 20230 | S43: =+R43*D43*F43 -> 52598000 | T43: =+P43/R43 -> 0.08374179 | U43: CYCLEWEAR | V43: OLIMPICA | W43: SPORTFITNESS
A44: 39 | B44: Termo o botella reutilizable | C44: Capacidad mínima de 500 ml, material resistente, liviano, reutilizable y apto para contener bebidas. Deberá contar con tapa de cierre seguro y ser de fácil manipulación. | D44: 2600 | E44: unidad | F44: 1 | G44: JORNADA | H44: =+(10700*100)/119 -> 8991.5966 | I44: =+H44*F44*D44 -> 23378151 | J44: =+(18195*100)/119 -> 15289.916 | K44: =+J44*F44*D44 -> 39753782 | L44: =+(14280*100)/119 -> 12000 | M44: =+L44*F44*D44 -> 31200000 | N44: =+AVERAGE(H44,J44,L44) -> 12093.838 | O44: =+N44*D44*F44 -> 31443978 | P44: =+_xlfn.STDEV.P(H44,J44,L44) -> 2572.1341 | Q44: =+P44/N44 -> 0.21268138 | R44: =+MEDIAN(H44,J44,L44) -> 12000 | S44: =+R44*D44*F44 -> 31200000 | T44: =+P44/R44 -> 0.21434451 | U44: SINERGY ON | V44: DOTACO | W44: TUMERCH
A45: 40 | B45: Gorra deportiva institucional | C45: Tipo: gorra deportiva de cinco (5) o seis (6) paneles, con visera curva y sistema de ajuste posterior. Material: mínimo 100% poliéster de tejido liviano y transpirable, o material técnico equivalente. Gramaje: entre 100 y 150 g/m². Características: tela de secado rápido, resistente al uso exterior, con ventilación lateral o paneles transpirables y visera estructurada que proporcione protección frente a la exposición solar. Sistema de ajuste: correa posterior ajustable, preferiblemente con hebilla, velcro o sistema equivalente, que permita adaptación a diferentes tamaños de cabeza. Talla: talla única ajustable para adulto. Color: definido conforme a la paleta de colores institucionales del Fondo de Desarrollo Local de Engativá, previa aprobación del área de Prensa/Comunicaciones. Personalización: aplicación del logo institucional en la parte frontal y, cuando corresponda, nombre de la jornada o elemento gráfico complementario en uno de los laterales, conforme al manual de identidad visual. Técnica: bordado, estampado, transfer o técnica equivalente de alta durabilidad, según las características del material. | D45: 2600 | E45: unidad | F45: 1 | G45: JORNADA | H45: 22050 | I45: =+H45*F45*D45 -> 57330000 | J45: 22050 | K45: =+J45*F45*D45 -> 57330000 | L45: =+(26180*100)/119 -> 22000 | M45: =+L45*F45*D45 -> 57200000 | N45: =+AVERAGE(H45,J45,L45) -> 22033.333 | O45: =+N45*D45*F45 -> 57286667 | P45: =+_xlfn.STDEV.P(H45,J45,L45) -> 23.570226 | Q45: =+P45/N45 -> 0.0010697531 | R45: =+MEDIAN(H45,J45,L45) -> 22050 | S45: =+R45*D45*F45 -> 57330000 | T45: =+P45/R45 -> 0.0010689445 | U45: NEXT ENTERTAINMET | V45: DREAMS | W45: BETTERLINE
A46: 41 | B46: Camiseta tipo polo institucional | C46: Tipo: camiseta tipo polo de manga corta, cuello tejido y pechera con mínimo dos botones. Material: tela tipo piqué, composición mínima 60% algodón y 40% poliéster, o composición equivalente que garantice comodidad, transpirabilidad, resistencia y facilidad de lavado. Gramaje: entre 180 y 220 g/m². Confección: costuras reforzadas, cuello y puños tejidos, terminaciones de calidad y corte que permita libertad de movimiento. Tallas: deberá suministrarse en tallas S, M, L, XL, XXL y XXXL, realizando previamente la respectiva toma o consolidación de tallas de los participantes. Color: definido de acuerdo con la paleta institucional aprobada por el Fondo de Desarrollo Local de Engativá, pudiendo contemplarse un color base institucional y detalles complementarios en colores de la identidad visual. Personalización frontal: aplicación del logo institucional correspondiente en el lado izquierdo del pecho, de acuerdo con el manual de identidad visual. Personalización posterior: incorporará el nombre de la jornada “Engativá Dorada – Engativá Activa 2026”, mensaje institucional o demás elementos definidos y aprobados por el área de Prensa/Comunicaciones. Técnica de personalización: estampado, bordado, transfer o técnica equivalente de alta durabilidad, definida de acuerdo con el tipo de tela y previa aprobación del área de Prensa/Comunicaciones. | D46: 2600 | E46: unidad | F46: 1 | G46: JORNADA | H46: =+(67830*5.35%)+67830 -> 71458.905 | I46: =+H46*F46*D46 -> 185793153 | J46: =+(49385*5.35%)+49385 -> 52027.098 | K46: =+J46*F46*D46 -> 1.3527045e+08 | L46: =+(39385*5.35%)+39385 -> 41492.098 | M46: =+L46*F46*D46 -> 1.0787945e+08 | N46: =+AVERAGE(H46,J46,L46) -> 54992.7 | O46: =+N46*D46*F46 -> 142981020 | P46: =+_xlfn.STDEV.P(H46,J46,L46) -> 12412.319 | Q46: =+P46/N46 -> 0.22570848 | R46: =+MEDIAN(H46,J46,L46) -> 52027.098 | S46: =+R46*D46*F46 -> 1.3527045e+08 | T46: =+P46/R46 -> 0.23857412 | U46: MACRODEPORTES | V46: ESTRATEGIAS Y SOLUCIONES INTEGRALES B2 | W46: CAP
A47: 42 | B47: Cartilla de bienestar y autocuidado | C47: Cartilla media carta en material impreso con recomendaciones sobre actividad física, hidratación, alimentación saludable, prevención de caídas, autocuidado, hábitos saludables y bienestar de las personas adultas mayores. Con separadores de sopas de letras sobre las temáticas de la cartilla. | D47: 2600 | E47: unidad | F47: 1 | G47: JORNADA | H47: 3000 | I47: =+H47*F47*D47 -> 7800000 | J47: 3540 | K47: =+J47*F47*D47 -> 9204000 | L47: 3200 | M47: =+L47*F47*D47 -> 8320000 | N47: =+AVERAGE(H47,J47,L47) -> 3246.6667 | O47: =+N47*D47*F47 -> 8441333.3 | P47: =+_xlfn.STDEV.P(H47,J47,L47) -> 222.91005 | Q47: =+P47/N47 -> 0.068658125 | R47: =+MEDIAN(H47,J47,L47) -> 3200 | S47: =+R47*D47*F47 -> 8320000 | T47: =+P47/R47 -> 0.06965939 | U47: CREATIVOS SA | V47: GRAFICO SANTAMARIA | W47: OPR DIGITAL SAS
A48: 43 | B48: TULA DEPORTIVA ECOLÓGICA | C48: Tula ecológica tipo mochila elaborada en lona cruda o drill 100% algodón, con dimensiones aproximadas de 42 cm de alto por 34 cm de ancho, capacidad de 8 a 10 litros y cordones de algodón o nylon reforzado para cierre doble. El diseño incluye un estampado frontal mediante serigrafía o sublimación (según el tipo de tela), en un área de impresión de aproximadamente 20 x 25 cm. | D48: 2600 | E48: unidad | F48: 1 | G48: JORNADA | H48: 19328 | I48: =+H48*F48*D48 -> 50252800 | J48: 23529 | K48: =+J48*F48*D48 -> 61175400 | L48: 20336 | M48: =+L48*F48*D48 -> 52873600 | N48: =+AVERAGE(H48,J48,L48) -> 21064.333 | O48: =+N48*D48*F48 -> 54767267 | P48: =+_xlfn.STDEV.P(H48,J48,L48) -> 1790.7079 | Q48: =+P48/N48 -> 0.085011374 | R48: =+MEDIAN(H48,J48,L48) -> 20336 | S48: =+R48*D48*F48 -> 52873600 | T48: =+P48/R48 -> 0.088056055 | U48: CORPORACIÓN LATINOAMERICANA | V48: AMERICANA CORP | W48: ALDESARROLLO
A49: 44 | B49: SUDADERA | C49: sudaderas deportivas para los grupos de adultos mayores que participan en actividad fisica con la Alcaldia Local de Engativa | D49: 2600 | E49: unidades | F49: 1 | G49: JORNADA | H49: 100000 | I49: =+H49*D49 -> 260000000 | J49: 105000 | K49: =+J49*D49 -> 273000000 | L49: 100000 | M49: =+L49*D49 -> 260000000 | N49: =+AVERAGE(H49,J49,L49) -> 101666.67 | O49: =+N49*D49*F49 -> 2.6433333e+08 | P49: =+_xlfn.STDEV.P(H49,J49,L49) -> 2357.0226 | Q49: =+P49/N49 -> 0.023183829 | R49: =+MEDIAN(H49,J49,L49) -> 100000 | S49: =+R49*D49*F49 -> 260000000 | T49: =+P49/R49 -> 0.023570226 | U49: B2 ESTRATEGIAS | V49: CORPORACION RECREATIVA Y CULTURAL | W49: FUNDACION IZAR
A50: 45 | B50: Elementos de apoyo para actividades físicas | C50: KIT ENTREGABLE: Conos, aros, pelotas, bandas elásticas, colchonetas y demás elementos requeridos de acuerdo con el minuto a minuto aprobado por la supervisión. Deberán ser adecuados para actividades de bajo y moderado impacto con adultos mayores. Nota: El contratista deberá garantizar la disponibilidad suficiente de los elementos requeridos para atender la participación de las 2.600 personas programadas, correspondientes 580 participantes por jornada, de manera que los elementos sean suficientes, seguros y funcionales para el desarrollo simultáneo de las actividades previstas, de acuerdo con el minuto a minuto aprobado por la supervisión. | D50: 10 | E50: unidad | F50: 4 | G50: JORNADA | H50: =+(173550*100)/119 -> 145840.34 | I50: =+H50*F50*D50 -> 5833613.4 | J50: =+(156300*100)/119 -> 131344.54 | K50: =+J50*F50*D50 -> 5253781.5 | L50: =+(155707*100)/119 -> 130846.22 | M50: =+L50*F50*D50 -> 5233848.7 | N50: =+AVERAGE(H50,J50,L50) -> 136010.36 | O50: =+N50*D50*F50 -> 5440414.6 | P50: =+_xlfn.STDEV.P(H50,J50,L50) -> 6953.8163 | Q50: =+P50/N50 -> 0.051127106 | R50: =+MEDIAN(H50,J50,L50) -> 131344.54 | S50: =+R50*D50*F50 -> 5253781.5 | T50: =+P50/R50 -> 0.052943323 | U50: Didacticos,dustamantedeportes,homecenter,falabella y GYM | V50: Deportes regol,sportfitness, altlanta deportes y equiposdegimnasia | W50: Didacticos royter, equiposdegimnasia, sportfitness, miyagui | X50: =SUM(O13:O50) -> 1.337169e+09 | Y50: =SUM(S13:S50) -> 1.3159006e+09 | Z50: NATALIA
A51: Actividad 2 - VACACIONES RECREATIVAS
A52: 46 | B52: BOLSA MONTO AGOTABLE - VACACIONES RECREATIVAS | C52: La contratación se estructura bajo la modalidad de bolsa de monto agotable, la cual deberá comprender, entre otros, el suministro, alquiler, operación, coordinación y ejecución de los bienes y servicios requeridos para el desarrollo de las Vacaciones Recreativas dirigidas a los niños, niñas y adolescentes de la localidad de Engativá y sus cuidadores, de acuerdo con las necesidades definidas por la supervisión del contrato y hasta agotar los recursos disponibles. Dentro de los bienes y servicios se incluirán, entre otros: servicios logísticos y operativos para el desarrollo de las jornadas en los escenarios de la localidad de Engativá y en la salida recreativa del tercer día; gestión, reserva y alquiler de escenarios recreativos, deportivos, culturales y de entretenimiento (parques, escenarios deportivos, centros recreativos, salas de cine, boleras y espacios similares), así como del escenario de la salida del tercer día (parque recreativo, granja interactiva, centro recreativo, parque temático o escenario campestre); transporte terrestre para los desplazamientos entre escenarios y para la salida del tercer día, incluyendo ida y regreso desde y hacia la Alcaldía Local de Engativá; personal de coordinación general y de grupo, recreadores e instructores, monitores de manipulación de alimentos y personal de apoyo logístico; actividades recreativas, lúdicas, deportivas, artísticas, culturales y de psicomotricidad diferenciadas por grupo etario 600 niños niñas y adololescentes ( 5 a 11 años y 12 a 17 años), incluyendo juegos tradicionales, manualidades, circuitos de psicomotricidad, actividades cooperativas y de exploración, deportes, retos recreativos, actividades de liderazgo y campamento diurno sin pernoctación; suministro de materiales pedagógicos, recreativos, deportivos y fungibles, incluidos kits de manualidades y elementos deportivos; suministro de alimentación (refrigerios y almuerzo) e hidratación para los participantes durante las tres jornadas; suministro de gorras y elementos de identificación para participantes y cuidadores; servicios de registro, inscripción, caracterización y control de asistencia; piezas gráficas, señalización y material informativo de la actividad; registro fotográfico y audiovisual de la ejecución; servicios de primeros auxilios y atención prehospitalaria, incluyendo personal de salud, botiquines y, cuando se requiera, ambulancia; servicios de seguridad, control de aforo y de ingreso/salida de participantes, permisos y trámites requeridos ante los escenarios y las autoridades competentes; y demás elementos necesarios para garantizar la adecuada ejecución de la actividad, la seguridad de los participantes y cuidadores, y el | D52: 1 | E52: GLOBAL | F52: 1 | G52: dia | H52: 350000000 | I52: =+H52*F52*D52 -> 350000000 | N52: =+AVERAGE(H52,J52,L52) -> 350000000 | O52: =+N52*D52*F52 -> 350000000 | P52: =+_xlfn.STDEV.P(H52,J52,L52) -> 0 | Q52: =+P52/N52 -> 0 | R52: =+MEDIAN(H52,J52,L52) -> 350000000 | S52: =+R52*D52*F52 -> 350000000 | T52: =+P52/R52 -> 0
A53: Actividad 3 - CARRERA DE CANICROSS ENGATIVA
A54: TALENTO HUMANO
A55: 47 | B55: Coordinador general del evento | C55: Profesional en administración, eventos, recreación, deporte, comunicaciones o áreas afines. Mínimo 3 años de experiencia en coordinación de eventos masivos. | D55: 1 | E55: SERVICIOS | F55: 1 | G55: JORNADA | H55: =7996001 -> 7996001 | I55: =+H55*F55*D55 -> 7996001 | N55: =+AVERAGE(H55,J55,L55) -> 7996001 | O55: =+N55*D55*F55 -> 7996001 | P55: =+_xlfn.STDEV.P(H55,J55,L55) -> 0 | Q55: =+P55/N55 -> 0 | R55: =+MEDIAN(H55,J55,L55) -> 7996001 | S55: =+R55*D55*F55 -> 7996001 | T55: =+P55/R55 -> 0 | U55: TABLA DE HONORARIOS SECRETARIA DE GOBIERNO
A56: 48 | B56: Productor / coordinador logístico | C56: Técnico, tecnólogo o profesional con mínimo 2 años de experiencia en producción y logística de eventos. | D56: 2 | E56: SERVICIOS | F56: 1 | G56: JORNADA | H56: =3224001 -> 3224001 | I56: =+H56*F56*D56 -> 6448002 | N56: =+AVERAGE(H56,J56,L56) -> 3224001 | O56: =+N56*D56*F56 -> 6448002 | P56: =+_xlfn.STDEV.P(H56,J56,L56) -> 0 | Q56: =+P56/N56 -> 0 | R56: =+MEDIAN(H56,J56,L56) -> 3224001 | S56: =+R56*D56*F56 -> 6448002 | T56: =+P56/R56 -> 0 | U56: TABLA DE HONORARIOS SECRETARIA DE GOBIERNO
A57: 49 | B57: Director técnico de carrera | C57: Profesional en deporte, actividad física, recreación o áreas afines, con experiencia en organización de carreras o eventos deportivos. | D57: 1 | E57: SERVICIOS | F57: 1 | G57: JORNADA | H57: =5114001 -> 5114001 | I57: =+H57*F57*D57 -> 5114001 | N57: =+AVERAGE(H57,J57,L57) -> 5114001 | O57: =+N57*D57*F57 -> 5114001 | P57: =+_xlfn.STDEV.P(H57,J57,L57) -> 0 | Q57: =+P57/N57 -> 0 | R57: =+MEDIAN(H57,J57,L57) -> 5114001 | S57: =+R57*D57*F57 -> 5114001 | T57: =+P57/R57 -> 0 | U57: TABLA DE HONORARIOS SECRETARIA DE GOBIERNO
A58: 50 | B58: Jueces / personal de control de recorrido | C58: Experiencia en control de eventos deportivos, carreras, circuitos o actividades similares. | D58: 6 | E58: SERVICIOS | F58: 1 | G58: JORNADA | H58: =3640001/30 -> 121333.37 | I58: =+H58*F58*D58 -> 728000.2 | N58: =+AVERAGE(H58,J58,L58) -> 121333.37 | O58: =+N58*D58*F58 -> 728000.2 | P58: =+_xlfn.STDEV.P(H58,J58,L58) -> 0 | Q58: =+P58/N58 -> 0 | R58: =+MEDIAN(H58,J58,L58) -> 121333.37 | S58: =+R58*D58*F58 -> 728000.2 | T58: =+P58/R58 -> 0 | U58: TABLA DE HONORARIOS SECRETARIA DE GOBIERNO
A59: 51 | B59: Personal de salida, llegada y meta | C59: Experiencia en logística de eventos deportivos. | D59: 4 | E59: SERVICIOS | F59: 1 | G59: JORNADA | H59: =3095001/30 -> 103166.7 | I59: =+H59*F59*D59 -> 412666.8 | N59: =+AVERAGE(H59,J59,L59) -> 103166.7 | O59: =+N59*D59*F59 -> 412666.8 | P59: =+_xlfn.STDEV.P(H59,J59,L59) -> 0 | Q59: =+P59/N59 -> 0 | R59: =+MEDIAN(H59,J59,L59) -> 103166.7 | S59: =+R59*D59*F59 -> 412666.8 | T59: =+P59/R59 -> 0 | U59: TABLA DE HONORARIOS SECRETARIA DE GOBIERNO
A60: 52 | B60: Auxiliares de atención a participantes | C60: Experiencia en atención al público y logística de eventos. | D60: 4 | E60: SERVICIOS | F60: 1 | G60: JORNADA | H60: =3095001/30 -> 103166.7 | I60: =+H60*F60*D60 -> 412666.8 | N60: =+AVERAGE(H60,J60,L60) -> 103166.7 | O60: =+N60*D60*F60 -> 412666.8 | P60: =+_xlfn.STDEV.P(H60,J60,L60) -> 0 | Q60: =+P60/N60 -> 0 | R60: =+MEDIAN(H60,J60,L60) -> 103166.7 | S60: =+R60*D60*F60 -> 412666.8 | T60: =+P60/R60 -> 0 | U60: TABLA DE HONORARIOS SECRETARIA DE GOBIERNO
A61: 53 | B61: Auxiliares de manejo y bienestar animal | C61: Experiencia certificable en manejo, cuidado o atención de mascotas. | D61: 4 | E61: SERVICIOS | F61: 1 | G61: JORNADA | H61: =3095001/30 -> 103166.7 | I61: =+H61*F61*D61 -> 412666.8 | N61: =+AVERAGE(H61,J61,L61) -> 103166.7 | O61: =+N61*D61*F61 -> 412666.8 | P61: =+_xlfn.STDEV.P(H61,J61,L61) -> 0 | Q61: =+P61/N61 -> 0 | R61: =+MEDIAN(H61,J61,L61) -> 103166.7 | S61: =+R61*D61*F61 -> 412666.8 | T61: =+P61/R61 -> 0 | U61: TABLA DE HONORARIOS SECRETARIA DE GOBIERNO
A62: 54 | B62: Groomer profesional | C62: Experiencia mínima de 2 años en peluquería y estética canina, debe contar con su respectiva area para grooming y debera contar con piso modular antideslizante y lavable, mínimo 2 mesas de grooming de superficie impermeable y lavable, brazos de sujeción, tomas eléctricas protegidas, iluminación LED y mesas auxiliares para equipos. La disposición deberá permitir la visualización directa de la actividad por parte del público, sin cerramientos laterales. | D62: 2 | E62: SERVICIOS | F62: 1 | G62: JORNADA | H62: =5860001/30 -> 195333.37 | I62: =+H62*F62*D62 -> 390666.73 | N62: =+AVERAGE(H62,J62,L62) -> 195333.37 | O62: =+N62*D62*F62 -> 390666.73 | P62: =+_xlfn.STDEV.P(H62,J62,L62) -> 0 | Q62: =+P62/N62 -> 0 | R62: =+MEDIAN(H62,J62,L62) -> 195333.37 | S62: =+R62*D62*F62 -> 390666.73 | T62: =+P62/R62 -> 0 | U62: TABLA DE HONORARIOS SECRETARIA DE GOBIERNO
A63: 55 | B63: Presentador / maestro de ceremonias | C63: Experiencia en presentación de eventos y manejo de público. | D63: 1 | E63: SERVICIOS | F63: 1 | G63: JORNADA | H63: =3095001/30 -> 103166.7 | I63: =+H63*F63*D63 -> 103166.7 | N63: =+AVERAGE(H63,J63,L63) -> 103166.7 | O63: =+N63*D63*F63 -> 103166.7 | P63: =+_xlfn.STDEV.P(H63,J63,L63) -> 0 | Q63: =+P63/N63 -> 0 | R63: =+MEDIAN(H63,J63,L63) -> 103166.7 | S63: =+R63*D63*F63 -> 103166.7 | T63: =+P63/R63 -> 0 | U63: TABLA DE HONORARIOS SECRETARIA DE GOBIERNO
A64: 56 | B64: Animador / recreador | C64: Experiencia en activaciones, recreación y eventos familiares. | D64: 1 | E64: SERVICIOS | F64: 1 | G64: JORNADA | H64: =3640001/30 -> 121333.37 | I64: =+H64*F64*D64 -> 121333.37 | N64: =+AVERAGE(H64,J64,L64) -> 121333.37 | O64: =+N64*D64*F64 -> 121333.37 | P64: =+_xlfn.STDEV.P(H64,J64,L64) -> 0 | Q64: =+P64/N64 -> 0 | R64: =+MEDIAN(H64,J64,L64) -> 121333.37 | S64: =+R64*D64*F64 -> 121333.37 | T64: =+P64/R64 -> 0 | U64: TABLA DE HONORARIOS SECRETARIA DE GOBIERNO
A65: 57 | B65: Personaje / mascota inflable | C65: Persona caracterizada y capacitada para interacción segura con público y mascotas. | D65: 0 | E65: SERVICIOS | F65: 1 | G65: JORNADA | H65: =3640001/30 -> 121333.37 | I65: =+H65*F65*D65 -> 0 | N65: =+AVERAGE(H65,J65,L65) -> 121333.37 | O65: =+N65*D65*F65 -> 0 | P65: =+_xlfn.STDEV.P(H65,J65,L65) -> 0 | Q65: =+P65/N65 -> 0 | R65: =+MEDIAN(H65,J65,L65) -> 121333.37 | S65: =+R65*D65*F65 -> 0 | T65: =+P65/R65 -> 0 | U65: TABLA DE HONORARIOS SECRETARIA DE GOBIERNO
A66: 58 | B66: Fotógrafo profesional | C66: Mínimo 2 años de experiencia en eventos. | D66: 1 | E66: SERVICIOS | F66: 1 | G66: JORNADA | H66: =5860001/30 -> 195333.37 | I66: =+H66*F66*D66 -> 195333.37 | N66: =+AVERAGE(H66,J66,L66) -> 195333.37 | O66: =+N66*D66*F66 -> 195333.37 | P66: =+_xlfn.STDEV.P(H66,J66,L66) -> 0 | Q66: =+P66/N66 -> 0 | R66: =+MEDIAN(H66,J66,L66) -> 195333.37 | S66: =+R66*D66*F66 -> 195333.37 | T66: =+P66/R66 -> 0 | U66: TABLA DE HONORARIOS SECRETARIA DE GOBIERNO
A67: 59 | B67: Videógrafo / creador de contenido | C67: Experiencia en producción audiovisual y contenido para redes sociales. | D67: 1 | E67: SERVICIOS | F67: 1 | G67: JORNADA | H67: =3640001/30 -> 121333.37 | I67: =+H67*F67*D67 -> 121333.37 | N67: =+AVERAGE(H67,J67,L67) -> 121333.37 | O67: =+N67*D67*F67 -> 121333.37 | P67: =+_xlfn.STDEV.P(H67,J67,L67) -> 0 | Q67: =+P67/N67 -> 0 | R67: =+MEDIAN(H67,J67,L67) -> 121333.37 | S67: =+R67*D67*F67 -> 121333.37 | T67: =+P67/R67 -> 0 | U67: TABLA DE HONORARIOS SECRETARIA DE GOBIERNO
A68: 60 | B68: Auxiliares de primeros auxilios / APH | C68: Formación certificada en primeros auxilios y/o atención prehospitalaria. | D68: 3 | E68: SERVICIOS | F68: 1 | G68: JORNADA | H68: =3224001/30 -> 107466.7 | I68: =+H68*F68*D68 -> 322400.1 | N68: =+AVERAGE(H68,J68,L68) -> 107466.7 | O68: =+N68*D68*F68 -> 322400.1 | P68: =+_xlfn.STDEV.P(H68,J68,L68) -> 0 | Q68: =+P68/N68 -> 0 | R68: =+MEDIAN(H68,J68,L68) -> 107466.7 | S68: =+R68*D68*F68 -> 322400.1 | T68: =+P68/R68 -> 0 | U68: TABLA DE HONORARIOS SECRETARIA DE GOBIERNO
A69: 61 | B69: Enfermero profesional | C69: Registro profesional vigente y experiencia en atención de urgencias o eventos. | D69: 1 | E69: SERVICIOS | F69: 1 | G69: JORNADA | H69: =5860001/30 -> 195333.37 | I69: =+H69*F69*D69 -> 195333.37 | N69: =+AVERAGE(H69,J69,L69) -> 195333.37 | O69: =+N69*D69*F69 -> 195333.37 | P69: =+_xlfn.STDEV.P(H69,J69,L69) -> 0 | Q69: =+P69/N69 -> 0 | R69: =+MEDIAN(H69,J69,L69) -> 195333.37 | S69: =+R69*D69*F69 -> 195333.37 | T69: =+P69/R69 -> 0 | U69: TABLA DE HONORARIOS SECRETARIA DE GOBIERNO
A70: 62 | B70: Personal de orientación y control | C70: Experiencia en atención al público, control de accesos y logística de eventos. | D70: 20 | E70: SERVICIOS | F70: 1 | G70: JORNADA | H70: =2146001/30 -> 71533.367 | I70: =+H70*F70*D70 -> 1430667.3 | N70: =+AVERAGE(H70,J70,L70) -> 71533.367 | O70: =+N70*D70*F70 -> 1430667.3 | P70: =+_xlfn.STDEV.P(H70,J70,L70) -> 0 | Q70: =+P70/N70 -> 0 | R70: =+MEDIAN(H70,J70,L70) -> 71533.367 | S70: =+R70*D70*F70 -> 1430667.3 | T70: =+P70/R70 -> 0 | U70: TABLA DE HONORARIOS SECRETARIA DE GOBIERNO
A71: 63 | B71: Personal de estaciones de hidratación | C71: Experiencia en atención logística. | D71: 2 | E71: SERVICIOS | F71: 1 | G71: JORNADA | H71: =2146001/30 -> 71533.367 | I71: =+H71*F71*D71 -> 143066.73 | N71: =+AVERAGE(H71,J71,L71) -> 71533.367 | O71: =+N71*D71*F71 -> 143066.73 | P71: =+_xlfn.STDEV.P(H71,J71,L71) -> 0 | Q71: =+P71/N71 -> 0 | R71: =+MEDIAN(H71,J71,L71) -> 71533.367 | S71: =+R71*D71*F71 -> 143066.73 | T71: =+P71/R71 -> 0 | U71: TABLA DE HONORARIOS SECRETARIA DE GOBIERNO
A72: 64 | B72: Personal técnico y operativo | C72: Experiencia en montaje y desmontaje de estructuras, tarima, sonido, carpas y elementos del evento. | D72: 6 | E72: SERVICIOS | F72: 1 | G72: JORNADA | H72: =3095001/30 -> 103166.7 | I72: =+H72*F72*D72 -> 619000.2 | N72: =+AVERAGE(H72,J72,L72) -> 103166.7 | O72: =+N72*D72*F72 -> 619000.2 | P72: =+_xlfn.STDEV.P(H72,J72,L72) -> 0 | Q72: =+P72/N72 -> 0 | R72: =+MEDIAN(H72,J72,L72) -> 103166.7 | S72: =+R72*D72*F72 -> 619000.2 | T72: =+P72/R72 -> 0 | U72: TABLA DE HONORARIOS SECRETARIA DE GOBIERNO
A73: 65 | B73: Operador de sonido | C73: Experiencia en operación de equipos de sonido para eventos. | D73: 1 | E73: SERVICIOS | F73: 1 | G73: JORNADA | H73: =3095001/30 -> 103166.7 | I73: =+H73*F73*D73 -> 103166.7 | N73: =+AVERAGE(H73,J73,L73) -> 103166.7 | O73: =+N73*D73*F73 -> 103166.7 | P73: =+_xlfn.STDEV.P(H73,J73,L73) -> 0 | Q73: =+P73/N73 -> 0 | R73: =+MEDIAN(H73,J73,L73) -> 103166.7 | S73: =+R73*D73*F73 -> 103166.7 | T73: =+P73/R73 -> 0 | U73: TABLA DE HONORARIOS SECRETARIA DE GOBIERNO
A74: RECURSOS FISICOS Y LOGISTICOS
A75: 66 | B75: Tarima principal cubierta | C75: Alquiler de tarima de 7 x 5 metros y 1.5 metros de altura, con faldon y carpa tipo techo o carpa de 4 x 4 metros y sonido de 3000 watios y animador por un periodo de 8 horas además de 10 carpas de 2 x 2 metros para punto de inscripciones y reporte de resultados. (son 2 servicios uno por evento) | D75: 1 | E75: unidad | F75: 1 | G75: JORNADA | H75: 350000 | I75: =+H75*F75*D75 -> 350000 | J75: 200000 | K75: =+J75*D75*F75 -> 200000 | L75: 215000 | M75: =+L75*F75*D75 -> 215000 | N75: =+AVERAGE(H75,J75,L75) -> 255000 | O75: =+N75*D75*F75 -> 255000 | P75: =+_xlfn.STDEV.P(H75,J75,L75) -> 67453.688 | Q75: =+P75/N75 -> 0.26452427 | R75: =+MEDIAN(H75,J75,L75) -> 215000 | S75: =+R75*D75*F75 -> 215000 | T75: =+P75/R75 -> 0.31373808 | U75: KUSTER | V75: AMERICANA CORP | W75: ALDESARROLLO
A76: 67 | B76: Baños portátiles | C76: Unidades sanitarias portátiles ubicadas en salida/meta y puntos estratégicos, con servicio de mantenimiento durante la jornada.TRANSPORTE IDA Y REGRESO | D76: 5 | E76: unidad | F76: 1 | G76: JORNADA | H76: 247500 | I76: =+H76*F76*D76 -> 1237500 | J76: 220000 | K76: =+J76*F76*D76 -> 1100000 | L76: 228000 | M76: =+L76*F76*D76 -> 1140000 | N76: =+AVERAGE(H76,J76,L76) -> 231833.33 | O76: =+N76*D76*F76 -> 1159166.7 | P76: =+_xlfn.STDEV.P(H76,J76,L76) -> 11549.411 | Q76: =+P76/N76 -> 0.049817732 | R76: =+MEDIAN(H76,J76,L76) -> 228000 | S76: =+R76*D76*F76 -> 1140000 | T76: =+P76/R76 -> 0.05065531 | U76: BAMOCOL | V76: CONSTRUCCION & INGENIERIA | W76: BAÑOMOVIL
A77: 68 | B77: Ambulancia medicalizada | C77: Ambulancia habilitada de acuerdo con la normativa sanitaria vigente, con dotación (talento humano, conductor )completa para atención y traslado de pacientes, camilla, equipos de soporte vital, oxígeno medicinal, elementos de inmovilización, monitorización y demás dotación exigida para el tipo de ambulancia. Deberá permanecer disponible de manera exclusiva durante toda la jornada. | D77: 1 | E77: unidad | F77: 1 | G77: JORNADA | H77: 2180000 | I77: =+H77*F77*D77 -> 2180000 | J77: 3000000 | K77: =+J77*F77*D77 -> 3000000 | L77: 2640000 | M77: =+L77*F77*D77 -> 2640000 | N77: =+AVERAGE(H77,J77,L77) -> 2606666.7 | O77: =+N77*D77*F77 -> 2606666.7 | P77: =+_xlfn.STDEV.P(H77,J77,L77) -> 335592.35 | Q77: =+P77/N77 -> 0.12874387 | R77: =+MEDIAN(H77,J77,L77) -> 2640000 | S77: =+R77*D77*F77 -> 2640000 | T77: =+P77/R77 -> 0.12711831 | U77: KUSTER | V77: AMERICANA CORP | W77: ALDESARROLLO
A78: 69 | B78: Podio de premiación – 1.er - 2.º - 3.er lugar | C78: Alquiler de Un (1) podium de tres escalones (1er, 2do, y 3er lugar) de manera que cada escalón mida por lo menos 95 cm. De ancho y 48 cm. de profundidad. Para el evento | D78: 1 | E78: unidad | F78: 1 | G78: JORNADA | H78: 504202 | I78: =+H78*F78*D78 -> 504202 | J78: 180000 | K78: =+J78*F78*D78 -> 180000 | L78: 369560 | M78: =+L78*F78*D78 -> 369560 | N78: =+AVERAGE(H78,J78,L78) -> 351254 | O78: =+N78*D78*F78 -> 351254 | P78: =+_xlfn.STDEV.P(H78,J78,L78) -> 132986.38 | Q78: =+P78/N78 -> 0.3786046 | R78: =+MEDIAN(H78,J78,L78) -> 369560 | S78: =+R78*D78*F78 -> 369560 | T78: =+P78/R78 -> 0.35985058 | U78: CORPORACIÓN LATINOAMERICANA | V78: MAGIC ALQUILA | W78: ALDESARROLLO
A79: 70 | B79: Sistema de sonido profesional | C79: Alquiler de un Sistema de sonido 5.000 vatios de potencia con medios altos line Array, bajos, monitores tarima, rack procesos, mínimo 16 micrófonos con sus respectivas bases, kit de baterías y/o cajas directas, computador portátil con unidad de C.D y/o DVD, consola digital de mínimo de 12 a 24 canales, dos micrófonos inalámbricos. trípodes para cabinas y 1 técnico de sonido, cables y conexiones. Incluye transporte, montaje y operario y desmontaje. Las características del sistema de sonido serán ajustadas por el comité de acuerdo con la necesidad y en aras de mejorar la calidad del requerimiento. | D79: 1 | E79: unidad | F79: 1 | G79: JORNADA | H79: 5300000 | I79: =+H79*F79*D79 -> 5300000 | J79: 4200000 | K79: =+J79*F79*D79 -> 4200000 | L79: 5000000 | M79: =+L79*F79*D79 -> 5000000 | N79: =+AVERAGE(H79,J79,L79) -> 4833333.3 | O79: =+N79*D79*F79 -> 4833333.3 | P79: =+_xlfn.STDEV.P(H79,J79,L79) -> 464279.61 | Q79: =+P79/N79 -> 0.09605785 | R79: =+MEDIAN(H79,J79,L79) -> 5000000 | S79: =+R79*D79*F79 -> 5000000 | T79: =+P79/R79 -> 0.092855922 | U79: D&R PRODUCCIONES | V79: NEMESIS | W79: AMERICAN CORP
A80: 71 | B80: Carpas de atención y activación | C80: Carpas tipo pabellón de mínimo 2,00 x 2,00 m, estructura en aluminio, cubierta en lona PVC impermeable, color blanco, altura mínima de 2,50 m y sistema de anclaje mediante contrapesos. | D80: 10 | E80: unidad | F80: 1 | G80: JORNADA | H80: 350000 | I80: =+H80*F80*D80 -> 3500000 | J80: 380000 | K80: =+J80*F80*D80 -> 3800000 | L80: 308000 | M80: =+L80*F80*D80 -> 3080000 | N80: =+AVERAGE(H80,J80,L80) -> 346000 | O80: =+N80*D80*F80 -> 3460000 | P80: =+_xlfn.STDEV.P(H80,J80,L80) -> 29529.646 | Q80: =+P80/N80 -> 0.085345798 | R80: =+MEDIAN(H80,J80,L80) -> 350000 | S80: =+R80*D80*F80 -> 3500000 | T80: =+P80/R80 -> 0.084370417 | U80: KUSTER | V80: NEMESIS | W80: ALDESARROLLO
A81: 72 | B81: Sillas para público | C81: Sillas individuales en polipropileno de alta resistencia, color blanco, estructura reforzada, capacidad mínima de 120 kg, superficie lavable y respaldo ergonómico. Cantidad calculada dentro de un evento con aforo máximo estimado de 1.000 personas, destinadas a zonas de descanso, espectadores y atención. | D81: 20 | E81: unidad | F81: 1 | G81: JORNADA | H81: 1800 | I81: =+H81*F81*D81 -> 36000 | J81: 1505 | K81: =+J81*F81*D81 -> 30100 | L81: 1328 | M81: =+L81*F81*D81 -> 26560 | N81: =+AVERAGE(H81,J81,L81) -> 1544.3333 | O81: =+N81*D81*F81 -> 30886.667 | P81: =+_xlfn.STDEV.P(H81,J81,L81) -> 194.69007 | Q81: =+P81/N81 -> 0.12606739 | R81: =+MEDIAN(H81,J81,L81) -> 1505 | S81: =+R81*D81*F81 -> 30100 | T81: =+P81/R81 -> 0.12936217 | U81: Mym | V81: Alvaro Catañeda | W81: Sonido y tarimas
A82: 73 | B82: Zona de hidratación | C82: 10 garrafones de agua de 20litros con dispensador | D82: 10 | E82: unidad | F82: 1 | G82: JORNADA | H82: =+(78992*5.35%)+78992 -> 83218.072 | I82: =+H82*F82*D82 -> 832180.72 | J82: =+(65630*5.35%)+65630 -> 69141.205 | K82: =+J82*F82*D82 -> 691412.05 | L82: 80000 | M82: =+L82*F82*D82 -> 800000 | N82: =+AVERAGE(H82,J82,L82) -> 77453.092 | O82: =+N82*D82*F82 -> 774530.92 | P82: =+_xlfn.STDEV.P(H82,J82,L82) -> 6022.4358 | Q82: =+P82/N82 -> 0.077755912 | R82: =+MEDIAN(H82,J82,L82) -> 80000 | S82: =+R82*D82*F82 -> 800000 | T82: =+P82/R82 -> 0.075280448 | U82: Corporacion latino americana | V82: ALIANZA PUBLICA PARA EL DESARROLLO INTEGRAL - ALDESARROLLO | W82: AMERICANA CORP SAS
A83: 74 | C83: Paquete vasos por 200, de 12 onzas, de cartón. | D83: 3 | E83: unidad | F83: 1 | G83: JORNADA | H83: =+(12605*5.35%)+12605 -> 13279.368 | I83: =+H83*F83*D83 -> 39838.103 | J83: =+(11092*5.35%)+11092 -> 11685.422 | K83: =+J83*F83*D83 -> 35056.266 | L83: 11261 | M83: =+L83*F83*D83 -> 33783 | N83: =+AVERAGE(H83,J83,L83) -> 12075.263 | O83: =+N83*D83*F83 -> 36225.789 | P83: =+_xlfn.STDEV.P(H83,J83,L83) -> 868.88202 | Q83: =+P83/N83 -> 0.071955535 | R83: =+MEDIAN(H83,J83,L83) -> 11685.422 | S83: =+R83*D83*F83 -> 35056.266 | T83: =+P83/R83 -> 0.074356067 | U83: Corporacion latino americana | V83: ALIANZA PUBLICA PARA EL DESARROLLO INTEGRAL - ALDESARROLLO | W83: viejoverde
A84: 75 | B84: Zona de hidratación para mascotas | C84: Estación de mínimo 2,00 x 2,00 m, con mínimo 4 bebederos individuales en acero inoxidable o polipropileno grado alimentario, suministro permanente de agua potable, recipiente de reserva de mínimo 20 litros, dispensador de bolsas y señalización diferenciada. | D84: 5 | E84: unidad | F84: 1 | G84: JORNADA | H84: =+(183118*5.35%)+183118 -> 192914.81 | I84: =+H84*F84*D84 -> 964574.06 | J84: =+(198141*5.35%)+198141 -> 208741.54 | K84: =+J84*F84*D84 -> 1043707.7 | L84: =+(193990*5.35%)+193990 -> 204368.46 | M84: =+L84*F84*D84 -> 1021842.3 | N84: =+AVERAGE(H84,J84,L84) -> 202008.27 | O84: =+N84*D84*F84 -> 1010041.4 | P84: =+_xlfn.STDEV.P(H84,J84,L84) -> 6673.2914 | Q84: =+P84/N84 -> 0.033034743 | R84: =+MEDIAN(H84,J84,L84) -> 204368.46 | S84: =+R84*D84*F84 -> 1021842.3 | T84: =+P84/R84 -> 0.032653234 | U84: Corporacion latino americana - Homencerter | V84: ALIANZA PUBLICA PARA EL DESARROLLO INTEGRAL - ALDESARROLLO- enfantasy | W84: AMERICANA CORP SAS- falabella | X84: NATALIA
A85: PREMIACIÓN Y RECONOMIENTOS
A86: 76 | B86: Medalla conmemorativa de participación | C86: Medalla metálica de diseño exclusivo para la jornada, con diámetro mínimo de 5 cm de diámetro, en alto relieve, fotograbadas con logos en ambas caras y cinta al cuello de 85 cms x 2 cms de ancho, con colores insitucionales, terminación en baños de oro, plata, y broce, para primer, segundo y tercer puesto. Deberá incorporar los elementos de identidad institucional previamente aprobados por el Fondo de Desarrollo Local de Engativá. Se entregará a cada binomio que complete el circuito. | D86: 90 | E86: unidad | F86: 1 | G86: JORNADA | H86: 6500 | I86: =+H86*F86*D86 -> 585000 | J86: =+(4622*5.35%)+4622 -> 4869.277 | K86: =+J86*F86*D86 -> 438234.93 | L86: =+(4958*5.35%)+4958 -> 5223.253 | M86: =+L86*F86*D86 -> 470092.77 | N86: =+AVERAGE(H86,J86,L86) -> 5530.8433 | O86: =+N86*D86*F86 -> 497775.9 | P86: =+_xlfn.STDEV.P(H86,J86,L86) -> 700.36811 | Q86: =+P86/N86 -> 0.12662953 | R86: =+MEDIAN(H86,J86,L86) -> 5223.253 | S86: =+R86*D86*F86 -> 470092.77 | T86: =+P86/R86 -> 0.13408658 | U86: FUNDACIÓN GESTIÓN SOCIAL CON PROPÓSITO | V86: COLDECROM 2025 | W86: ONEIDA 2025
A87: 77 | B87: CAMISETA DEPORTIVA | C87: Camiseta de Cuello Redondo en Algodón con tres (3) estampa- dos,1 a full color y dos (2) a una tinta. Diseño previamente revi- sado y aprobado por la oficina de prensa y el comité operativo del proyecto. Las tallas serán informadas por el operador una vez focalizados por grupos en el proceso de lnscripción | D87: 90 | E87: UNidad | F87: 1 | G87: JORNADA | H87: 57000 | I87: =+H87*F87*D87 -> 5130000 | J87: 43720 | K87: =+J87*F87*D87 -> 3934800 | L87: =+(41500*5.35%)+41500 -> 43720.25 | M87: =+L87*D87*F87 -> 3934822.5 | N87: =+AVERAGE(H87,J87,L87) -> 48146.75 | O87: =+N87*D87*F87 -> 4333207.5 | P87: =+_xlfn.STDEV.P(H87,J87,L87) -> 6260.1931 | Q87: =+P87/N87 -> 0.13002317 | R87: =+MEDIAN(H87,J87,L87) -> 43720.25 | S87: =+R87*D87*F87 -> 3934822.5 | T87: =+P87/R87 -> 0.1431875 | U87: MACRODEPORTES | V87: B2 ESTRATEGIAS Y SOLUCIONES INTEGRALES 2025 | W87: CORPORACIÓN RECREATIVA CULTURAL 2025
A88: 78 | B88: Arnés tipo chaleco de seguridad para mascota | C88: Arnés tipo chaleco, antitirones y de distribución uniforme de la presión, diseñado para evitar la concentración de fuerza sobre el cuello. Fabricado en material resistente, liviano, acolchado y transpirable, con costuras reforzadas, sistema de ajuste regulable y puntos de sujeción seguros. Deberá suministrarse en tallas adecuadas a las características de las mascotas participantes, previa consolidación de tallas. Incluye correa de paseo compatible, de longitud mínima sugerida de 1,20 m y material resistente. | D88: 90 | E88: unidad | F88: 1 | G88: JORNADA | H88: =+(60000*100)/119 -> 50420.168 | I88: =+H88*F88*D88 -> 4537815.1 | J88: =+(60000*100)/119 -> 50420.168 | K88: =+J88*F88*D88 -> 4537815.1 | L88: =+(59400*100)/119 -> 49915.966 | M88: =+L88*F88*D88 -> 4492437 | N88: =+AVERAGE(H88,J88,L88) -> 50252.101 | O88: =+N88*D88*F88 -> 4522689.1 | P88: =+_xlfn.STDEV.P(H88,J88,L88) -> 237.68295 | Q88: =+P88/N88 -> 0.0047298112 | R88: =+MEDIAN(H88,J88,L88) -> 50420.168 | S88: =+R88*D88*F88 -> 4537815.1 | T88: =+P88/R88 -> 0.0047140452 | U88: EXITO | V88: FALABELLA | W88: PETOPET
A89: 79 | B89: Plato portátil para mascota | C89: Plato plegable o portátil, fabricado en silicona de grado apto para uso alimentario, libre de BPA, resistente, liviano y de fácil limpieza. Capacidad mínima sugerida de 500 ml. Deberá permitir su almacenamiento y transporte durante la jornada. | D89: 90 | E89: unidad | F89: 1 | G89: JORNADA | H89: 25775 | I89: =+H89*F89*D89 -> 2319750 | J89: 23379 | K89: =+J89*F89*D89 -> 2104110 | L89: 23379 | M89: =+L89*F89*D89 -> 2104110 | N89: =+AVERAGE(H89,J89,L89) -> 24177.667 | O89: =+N89*D89*F89 -> 2175990 | P89: =+_xlfn.STDEV.P(H89,J89,L89) -> 1129.4852 | Q89: =+P89/N89 -> 0.046716056 | R89: =+MEDIAN(H89,J89,L89) -> 23379 | S89: =+R89*D89*F89 -> 2104110 | T89: =+P89/R89 -> 0.048311957 | U89: FALABELLA | V89: petspa | W89: tiendacoomeva
A90: 80 | B90: Bono de baño y cuidado básico en Pet Spa | C90: Bono individual para un (1) servicio de baño básico para mascota, redimible en un establecimiento de servicios de estética y cuidado para mascotas ubicado en la localidad de Engativá, previamente validado y aprobado por la entidad. El bono deberá indicar claramente condiciones de uso, vigencia, servicio incluido, mecanismo de redención y restricciones aplicables. No deberá implicar cobros adicionales al beneficiario por el servicio básico objeto del bono. MONTO AGOTABLE | D90: 90 | E90: unidad | F90: 1 | G90: JORNADA | H90: 100000 | I90: =+H90*F90*D90 -> 9000000 | N90: =+AVERAGE(H90,J90,L90) -> 100000 | O90: =+N90*D90*F90 -> 9000000 | P90: =+_xlfn.STDEV.P(H90,J90,L90) -> 0 | Q90: =+P90/N90 -> 0 | R90: =+MEDIAN(H90,J90,L90) -> 100000 | S90: =+R90*D90*F90 -> 9000000 | T90: =+P90/R90 -> 0 | U90: MONTO AGOTABLE
A91: 81 | B91: Placa de identificación para mascota | C91: Placa de identificación personalizada, elaborada en aluminio anodizado, acero inoxidable o material equivalente, resistente al agua y al uso cotidiano. Deberá permitir la grabación de, como mínimo, nombre de la mascota y número de contacto del responsable. La personalización se realizará con la información suministrada por el participante y deberá contar con un sistema seguro de fijación al arnés o collar. | D91: 90 | E91: unidad | F91: 1 | G91: JORNADA | H91: =+(35700*100)/119 -> 30000 | I91: =+H91*F91*D91 -> 2700000 | J91: =+(41650*100)/119 -> 35000 | K91: =+J91*F91*D91 -> 3150000 | L91: =+(28650*100)/119 -> 24075.63 | M91: =+L91*F91*D91 -> 2166806.7 | N91: =+AVERAGE(H91,J91,L91) -> 29691.877 | O91: =+N91*D91*F91 -> 2672268.9 | P91: =+_xlfn.STDEV.P(H91,J91,L91) -> 4465.174 | Q91: =+P91/N91 -> 0.15038369 | R91: =+MEDIAN(H91,J91,L91) -> 30000 | S91: =+R91*D91*F91 -> 2700000 | T91: =+P91/R91 -> 0.14883913 | U91: FALABELLA | V91: animalstoremascotas | W91: morapersonalizados
A92: 82 | B92: Fotografía conmemorativa del binomio | C92: Fotografía profesional del binomio participante (persona–mascota), tomada durante el evento. Deberá entregarse en tamaño postal mínimo de 10 x 15 cm, con impresión a color en papel fotográfico de calidad. Incorporará diseño gráfico alusivo al evento y los elementos de identidad institucional previamente aprobados por el Fondo de Desarrollo Local de Engativá. Se deberá contar previamente con la autorización correspondiente para el uso de imagen del participante. | D92: 90 | E92: unidad | F92: 1 | G92: JORNADA | H92: =+(90000*100)/119 -> 75630.252 | I92: =+H92*F92*D92 -> 6806722.7 | J92: =+(99000*100)/119 -> 83193.277 | K92: =+J92*F92*D92 -> 7487395 | L92: =+(99000*100)/119 -> 83193.277 | M92: =+L92*F92*D92 -> 7487395 | N92: =+AVERAGE(H92,J92,L92) -> 80672.269 | O92: =+N92*D92*F92 -> 7260504.2 | P92: =+_xlfn.STDEV.P(H92,J92,L92) -> 3565.2443 | Q92: =+P92/N92 -> 0.044194174 | R92: =+MEDIAN(H92,J92,L92) -> 83193.277 | S92: =+R92*D92*F92 -> 7487395 | T92: =+P92/R92 -> 0.042854956 | U92: OPR DIGITAL SAS | V92: CREATE IMAGEN | W92: FOTO MILENIO | X92: TOTAL PROMEDIO | Y92: TOTAL MEDIANA
A93: 83 | B93: Empaque del kit | C93: Empaque individual que permita organizar, proteger y transportar los elementos del kit, con diseño alusivo a la jornada y aplicación de los elementos de identidad institucional previamente aprobados por el área de Prensa/Comunicaciones del Fondo de Desarrollo Local de Engativá. (Bolsas Totebags Ecológicas En Tela Lona Cruda 40 X 40) | D93: 90 | E93: unidad | F93: 1 | G93: JORNADA | H93: 14279 | I93: =+H93*F93*D93 -> 1285110 | J93: 17392 | K93: =+J93*F93*D93 -> 1565280 | L93: =+(17000*100)/119 -> 14285.714 | M93: =+L93*F93*D93 -> 1285714.3 | N93: =+AVERAGE(H93,J93,L93) -> 15318.905 | O93: =+N93*D93*F93 -> 1378701.4 | P93: =+_xlfn.STDEV.P(H93,J93,L93) -> 1465.9023 | Q93: =+P93/N93 -> 0.095692367 | R93: =+MEDIAN(H93,J93,L93) -> 14285.714 | S93: =+R93*D93*F93 -> 1285714.3 | T93: =+P93/R93 -> 0.10261316 | U93: DIGITAL SAS | V93: BOLSECOL | W93: CLOVER BLACK | X93: =SUM(O55:O93) -> 71627715 | Y93: =SUM(S55:S93) -> 71540981
A94: ACTIVIDAD 4. REALIZAR LA CARRERA PLOGGING ENGATIVA
A95: RECURSOS FISICOS Y LOGISTICOS
A96: 84 | B96: REFRIGERIOS | C96: Pastel de pollo o sándwich o si- milar, una bebida que puede ser jugo en caja o botella | D96: 300 | E96: unidad | F96: 1 | G96: JORNADA | H96: =+(10756*100)/119 -> 9038.6555 | I96: =+H96*F96*D96 -> 2711596.6 | J96: =+(12017*100)/119 -> 10098.319 | K96: =+J96*F96*D96 -> 3029495.8 | L96: =+(10900*100)/119 -> 9159.6639 | M96: =+L96*F96*D96 -> 2747899.2 | N96: =+AVERAGE(H96,J96,L96) -> 9432.2129 | O96: =+N96*D96*F96 -> 2829663.9 | P96: =+_xlfn.STDEV.P(H96,J96,L96) -> 473.59202 | Q96: =+P96/N96 -> 0.050210065 | R96: =+MEDIAN(H96,J96,L96) -> 9159.6639 | S96: =+R96*D96*F96 -> 2747899.2 | T96: =+P96/R96 -> 0.051704083 | U96: MANUFACTURAS ALIMENTICIAS | V96: YARA ALIMENTOS | W96: Betty Campos Morales
A97: 85 | B97: Medallas | C97: Medallas: de 5 cm de diámetro, en alto relieve, fotograbadas con logos en ambas caras y cinta al cuello de 85 cms x 2 cms de ancho, con colores insitucionales, terminación en baños de oro, plata, y broce, para primer, segundo y tercer puesto. Con legos institucionales. | D97: 300 | E97: unidad | F97: 1 | G97: JORNADA | H97: 6500 | I97: =+H97*F97*D97 -> 1950000 | J97: =+(4622*5.35%)+4622 -> 4869.277 | K97: =+J97*F97*D97 -> 1460783.1 | L97: =+(4958*5.35%)+4958 -> 5223.253 | M97: =+L97*F97*D97 -> 1566975.9 | N97: =+AVERAGE(H97,J97,L97) -> 5530.8433 | O97: =+N97*D97*F97 -> 1659253 | P97: =+_xlfn.STDEV.P(H97,J97,L97) -> 700.36811 | Q97: =+P97/N97 -> 0.12662953 | R97: =+MEDIAN(H97,J97,L97) -> 5223.253 | S97: =+R97*D97*F97 -> 1566975.9 | T97: =+P97/R97 -> 0.13408658 | U97: FUNDACIÓN GESTIÓN SOCIAL CON PROPÓSITO | V97: COLDECROM 2025 | W97: ONEIDA 2025
A98: 86 | B98: Baños portátiles | C98: Unidades sanitarias portátiles ubicadas en salida/meta y puntos estratégicos, con servicio de mantenimiento durante la jornada.TRANSPORTE IDA Y REGRESO | D98: 4 | E98: unidad | F98: 1 | G98: JORNADA | H98: 247500 | I98: =+H98*F98*D98 -> 990000 | J98: 220000 | K98: =+J98*F98*D98 -> 880000 | L98: 228000 | M98: =+L98*F98*D98 -> 912000 | N98: =+AVERAGE(H98,J98,L98) -> 231833.33 | O98: =+N98*D98*F98 -> 927333.33 | P98: =+_xlfn.STDEV.P(H98,J98,L98) -> 11549.411 | Q98: =+P98/N98 -> 0.049817732 | R98: =+MEDIAN(H98,J98,L98) -> 228000 | S98: =+R98*D98*F98 -> 912000 | T98: =+P98/R98 -> 0.05065531 | U98: BAMOCOL | V98: CONSTRUCCION & INGENIERIA | W98: BAÑOMOVIL
A99: 87 | B99: CAMISETA DEPORTIVA | C99: Camiseta deportiva, elaborada en tela montesimone 100% poliéster en tejido de punto, sublimada o en transfer, para hombre y/o mujer en tallas variadas (de acuerdo a número de inscritos) cuello redondo con diseño, estampado y color aprobado por oficina de prensa de El Fondo de Desarrollo Local | D99: 300 | E99: unidad | F99: 1 | G99: JORNADA | H99: 42017 | I99: =+H99*F99*D99 -> 12605100 | J99: 50420 | K99: =+J99*F99*D99 -> 15126000 | L99: 43445 | M99: =+L99*F99*D99 -> 13033500 | N99: =+AVERAGE(H99,J99,L99) -> 45294 | O99: =+N99*D99*F99 -> 13588200 | P99: =+_xlfn.STDEV.P(H99,J99,L99) -> 3671.2126 | Q99: =+P99/N99 -> 0.081052956 | R99: =+MEDIAN(H99,J99,L99) -> 43445 | S99: =+R99*D99*F99 -> 13033500 | T99: =+P99/R99 -> 0.084502534 | U99: CORPORACIÓN LATINOAMERICANA | V99: DECATHLON | W99: ALDESARROLLO
A100: 88 | B100: Ambulancia medicalizada | C100: Ambulancia habilitada de acuerdo con la normativa sanitaria vigente, con dotación (talento humano, conductor ) completa para atención y traslado de pacientes, camilla, equipos de soporte vital, oxígeno medicinal, elementos de inmovilización, monitorización y demás dotación exigida para el tipo de ambulancia. Deberá permanecer disponible de manera exclusiva durante toda la jornada. | D100: 1 | E100: unidad | F100: 1 | G100: JORNADA | H100: 2180000 | I100: =+H100*F100*D100 -> 2180000 | J100: 3000000 | K100: =+J100*F100*D100 -> 3000000 | L100: 2640000 | M100: =+L100*F100*D100 -> 2640000 | N100: =+AVERAGE(H100,J100,L100) -> 2606666.7 | O100: =+N100*D100*F100 -> 2606666.7 | P100: =+_xlfn.STDEV.P(H100,J100,L100) -> 335592.35 | Q100: =+P100/N100 -> 0.12874387 | R100: =+MEDIAN(H100,J100,L100) -> 2640000 | S100: =+R100*D100*F100 -> 2640000 | T100: =+P100/R100 -> 0.12711831 | U100: KUSTER | V100: AMERICANA CORP | W100: ALDESARROLLO
...

Sheet VALORES METAS
E27: CONSOLIDADO DE VALORES POR META – fórmulas vinculadas al detalle de la hoja ESPECIFICACIONES TECNICAS (ev)
E28: Meta (código) | F28: Meta / Actividad / Componente | G28: TOTAL PROMEDIO | H28: TOTAL MEDIANA
E29: 1 | F29: TALENTO HUMANO TRANSVERSAL | G29: =+'ESPECIFICACIONES TECNICAS (ev)'!X9 -> 4.648067e+08 | H29: =+'ESPECIFICACIONES TECNICAS (ev)'!Y9 -> 461624035
E30: 1 | F30: Actividad 1 - Salida recreo deportiva Persona Mayor | G30: =+'ESPECIFICACIONES TECNICAS (ev)'!X50 -> 1.337169e+09 | H30: =+'ESPECIFICACIONES TECNICAS (ev)'!Y50 -> 1.3159006e+09
E31: 1 | F31: Actividad 2 - Vacaciones recreativas | G31: =+'ESPECIFICACIONES TECNICAS (ev)'!O52 -> 350000000 | H31: =+'ESPECIFICACIONES TECNICAS (ev)'!S52 -> 350000000
E32: 1 | F32: Actividad 3 - Carrera de Canicross | G32: =+'ESPECIFICACIONES TECNICAS (ev)'!X93 -> 71627715 | H32: =+'ESPECIFICACIONES TECNICAS (ev)'!Y93 -> 71540981
E33: 1 | F33: Actividad 4 - Carrera Plogging | G33: =+'ESPECIFICACIONES TECNICAS (ev)'!X121 -> 68795123 | H33: =+'ESPECIFICACIONES TECNICAS (ev)'!Y121 -> 71086203
E34: 1 | F34: Actividad 5 - Carrera Ciclística | G34: =+'ESPECIFICACIONES TECNICAS (ev)'!X163 -> 54557587 | H34: =+'ESPECIFICACIONES TECNICAS (ev)'!Y163 -> 54245839
E35: 1 | F35: Actividad 6 - Carrera Atlética 3K y Trail | G35: =+'ESPECIFICACIONES TECNICAS (ev)'!X179 -> 2.2463901e+08 | H35: =+'ESPECIFICACIONES TECNICAS (ev)'!Y179 -> 2.1960929e+08
E36: 1 | F36: Actividad 7 - Engatidunt 2026 | G36: =+'ESPECIFICACIONES TECNICAS (ev)'!X233 -> 85284337 | H36: =+'ESPECIFICACIONES TECNICAS (ev)'!Y233 -> 84882412
E37: 1 | F37: Actividad 8 - Dotación Casa Garcés Navas | G37: =+'ESPECIFICACIONES TECNICAS (ev)'!X267 -> 67339319 | H37: =+'ESPECIFICACIONES TECNICAS (ev)'!Y267 -> 68527233
E38: 1 | F38: Actividad 9 - P.P. 44916 Primera Infancia | G38: =+'ESPECIFICACIONES TECNICAS (ev)'!X270 -> 45659328 | H38: =+'ESPECIFICACIONES TECNICAS (ev)'!Y270 -> 45495798
E39: 1 | F39: Actividad 10 - P.P. 48906 El Tomás | G39: =+'ESPECIFICACIONES TECNICAS (ev)'!X273 -> 45659328 | H39: =+'ESPECIFICACIONES TECNICAS (ev)'!Y273 -> 45495798
E40: 2 | F40: Banco de iniciativas deportivas – bolsa de monto agotable (fila 331) | G40: =+'ESPECIFICACIONES TECNICAS (ev)'!O331 -> 90000000 | H40: =+'ESPECIFICACIONES TECNICAS (ev)'!S331 -> 90000000
E41: 1 | F41: Iniciativas deportivas – equipo profesional, jurados y bonos (filas 285-292) | G41: =+'ESPECIFICACIONES TECNICAS (ev)'!X282 -> 235800030 | H41: =+'ESPECIFICACIONES TECNICAS (ev)'!Y282 -> 235800030
E42: 3 | F42: Fútbol y microfútbol | G42: =+'ESPECIFICACIONES TECNICAS (ev)'!X293 -> 24448835 | H42: =+'ESPECIFICACIONES TECNICAS (ev)'!Y293 -> 24240571
E43: 3 | F43: Escuelas dirigidas a personas con discapacidad | G43: =+'ESPECIFICACIONES TECNICAS (ev)'!X302 -> 24881804 | H43: =+'ESPECIFICACIONES TECNICAS (ev)'!Y302 -> 24676790
E44: 3 | F44: Baloncesto | G44: =+'ESPECIFICACIONES TECNICAS (ev)'!X311 -> 9682109.2 | H44: =+'ESPECIFICACIONES TECNICAS (ev)'!Y311 -> 9714428.6
E45: 3 | F45: Taekwondo | G45: =+'ESPECIFICACIONES TECNICAS (ev)'!X318 -> 21822129 | H45: =+'ESPECIFICACIONES TECNICAS (ev)'!Y318 -> 21634454
E46: RESUMEN POR META
E47: 1 | F47: META 1 – Beneficiar 2800 personas en actividades recreo deportivas comunitarias | G47: =SUMIF($E$29:$E$45,E47,$G$29:$G$45) -> 3.0513375e+09 | H47: =SUMIF($E$29:$E$45,E47,$H$29:$H$45) -> 3.0242083e+09
E48: 2 | F48: META 2 – Beneficiar 3 colectivos u organizaciones (Banco de iniciativas) | G48: =SUMIF($E$29:$E$45,E48,$G$29:$G$45) -> 90000000 | H48: =SUMIF($E$29:$E$45,E48,$H$29:$H$45) -> 90000000
E49: 3 | F49: META 3 – 4.2.4 Capacitar 150 personas en los campos deportivos | G49: =SUMIF($E$29:$E$45,E49,$G$29:$G$45) -> 80834877 | H49: =SUMIF($E$29:$E$45,E49,$H$29:$H$45) -> 80266244
F50: TOTAL GENERAL POR METAS (incluye sin asignar) | G50: =SUM(G47:G49) -> 3.2221724e+09 | H50: =SUM(H47:H49) -> 3.1944745e+09
F51: Total detalle (ESPECIFICACIONES: SubTotal sin IVA) | G51: =+'ESPECIFICACIONES TECNICAS (ev)'!P338 -> 3.2221724e+09 | H51: =+'ESPECIFICACIONES TECNICAS (ev)'!T338 -> 3.1944745e+09
F52: Diferencia (metas − detalle) | G52: =G50-G51 -> 4.7683716e-06 | H52: =H50-H51 -> 5.7220459e-06
F53: IVA 19 % | G53: =G50*0.19 -> 6.1221275e+08 | H53: =H50*0.19 -> 6.0695016e+08
F54: TOTAL CON IVA | G54: =G50+G53 -> 3.8343851e+09 | H54: =H50+H53 -> 3.8014247e+09

Sheet TABLA DE PREMIACION ATLETICA
C3: PREMIACION (Bonos de Compra)
C4: No | D4: CATEGORIA | E4: GENERO | F4: 1° | H4: 2° | I4: 3°
C5: 1 | D5: INFANTIL | E5: MASCULINO | F5: 300000 | H5: 200000 | I5: 100000
C6: 2 | D6: MENORES | E6: MASCULINO | F6: 300000 | H6: 200000 | I6: 100000
C7: 3 | D7: JUVENIL | E7: MASCULINO | F7: 500000 | H7: 300000 | I7: 100000
C8: 5 | D8: UNICA | E8: MASCULINO | F8: 800000 | H8: 500000 | I8: 300000
C9: 6 | D9: MASTER A | E9: MASCULINO | F9: 500000 | H9: 300000 | I9: 100000
C10: 7 | D10: MASTER B | E10: MASCULINO | F10: 500000 | H10: 300000 | I10: 100000
C11: SUB-TOTAL PREMIACION MASCULINO | G11: =SUM(F5:J10) -> 5500000
C12: 1 | D12: INFANTIL | E12: FEMENINO | F12: 300000 | H12: 200000 | I12: 100000
C13: 2 | D13: MENORES | E13: FEMENINO | F13: 300000 | H13: 200000 | I13: 100000
C14: 3 | D14: JUVENIL | E14: FEMENINO | F14: 500000 | H14: 300000 | I14: 100000
C15: 4 | D15: UNICA | E15: FEMENINO | F15: 800000 | H15: 500000 | I15: 300000
C16: 5 | D16: MASTER A | E16: FEMENINO | F16: 500000 | H16: 300000 | I16: 100000
C17: 6 | D17: MASTER B | E17: FEMENINO | F17: 500000 | H17: 300000 | I17: 100000
C18: SUB-TOTAL PREMIACION FEMENINO | G18: =SUM(F12:J17) -> 5500000
C19: TOTAL | G19: =SUM(G18,G11) -> 11000000

Sheet INFORME REVISION
A1: INFORME DE REVISIÓN – Estudio de mercado Deportes Engativá 2026
A2: Convenciones: amarillo = corregido en este archivo; rojo claro = requiere validación del responsable del proceso (el dato NO se modificó). Las cantidades y precios digitados por el equipo no se alteraron.
A4: Hoja | B4: Celda(s) | C4: Tipo de error | D4: Valor o fórmula original | E4: Corrección realizada / acción | F4: Justificación | G4: ¿Requiere validación?
A5: ESPECIFICACIONES TECNICAS (ev) | B5: I190:T190 | C5: Fórmulas reemplazadas por valores fijos (Sistema de sonido, Act. 6) | D5: I=4500000, K=5400000, M=3900000, N=1533333, O=4600000, P=205480, R=1500000, S=4500000 | E5: Se restauraron las fórmulas estándar de la hoja (I,K,M,N,O,P,Q,R,S,T). | F5: Los valores fijos correspondían a 3 jornadas (copiados de la Act. 7), pero la fila tiene F = 2 jornadas: S190 pasa de $4.500.000 (fijo) a $3.000.000 (1.500.000 × 1 × 2); O190 de $4.600.000 a $3.066.667. El subtotal del proceso baja $1.500.000. | G5: No (corrección con soporte en la propia fila)
A6: ESPECIFICACIONES TECNICAS (ev) | B6: I162; I/K/M249:M254 | C6: Valores fijos donde corresponde fórmula (cantidad × valor unitario × tiempo) | D6: I162 (11,000,000); I249 (278,067); K249 (285,630); M249 (327,647); I250 (1,092,353); K250 (1,092,353); M250 (1,092,353); I251 (222,689); K251 (243,613); M251 (226,807); I252 (2,063,017); K252 (20,453,697); M252 (2,310,924); I253 (337,563); K253 (395,546); M253 (395,546); M254 (582,185) | E6: Se reemplazaron por =+Valor×Tiempo×Cantidad. | F6: Mantiene trazabilidad por cotización. No afecta mediana ni totales (las columnas N–S usan los valores unitarios H/J/L). | G6: No
A7: ESPECIFICACIONES TECNICAS (ev) | B7: K252 | C7: Error de digitación (factor 10) | D7: 20.453.697 (J252 = 2.045.370; D=1, F=1) | E7: Con la fórmula K252 = J252×F×D = 2.045.370. | F7: El total de la cotización 2 estaba multiplicado por 10 frente a su valor unitario. No afectaba la mediana (se calcula con el unitario). | G7: No
A8: ESPECIFICACIONES TECNICAS (ev) | B8: C38 | C8: Texto no concuerda con la cantidad | D8: capacidad operativa mínima de 600 personas por jornada (D38 = 650) | E8: Texto ajustado a 650 personas por jornada. | F8: La cantidad de escenario/alimentación/manillas es 650 por jornada; la especificación debe coincidir. | G8: No
A9: ESPECIFICACIONES TECNICAS (ev) | B9: C50 | C9: Texto no concuerda con la cantidad | D9: 2.400 personas programadas (kits: 650 × 4 jornadas = 2.600) | E9: Texto ajustado a 2.600 personas. | F9: Coincide con D43:D48 = 2.600. | G9: No
A10: ESPECIFICACIONES TECNICAS (ev) | B10: F77, F100, F156 | C10: Tiempo mal multiplicado (ambulancia × 4 jornadas en eventos de 1 jornada) | D10: Ambulancia medicalizada F=4 en Canicross, Plogging y Ciclística (S = $10.560.000 c/u) | E10: F = 1 jornada en las tres filas. Reducción: $23,760,000. | F10: Son eventos de una sola jornada (el resto de sus ítems usa F=1 JORNADA); la fila estaba copiada de la Actividad 1 (4 jornadas). Ahora es coherente con la Atlética (2 jornadas ⇒ F=2). | G10: No
A11: ESPECIFICACIONES TECNICAS (ev) | B11: F76, F98, F143 | C11: Tiempo mal multiplicado (baños portátiles × 3 jornadas en eventos de 1 jornada) | D11: Baños portátiles F=3 en Canicross (D=5), Plogging (D=4) y Ciclística (D=4) | E11: F = 1 jornada en las tres filas. Reducción: $5,928,000. | F11: Eventos de una jornada; en la Atlética (2 jornadas) el factor es 2. | G11: No
A12: ESPECIFICACIONES TECNICAS (ev) | B12: F223 | C12: Tiempo omitido (ambulancia × 2 jornadas en actividad de 3 jornadas) | D12: Ambulancia Act. 7 Engatidunt: D=1, F=2; la actividad tiene 3 jornadas (F=3 en sus demás ítems) | E12: F = 3. Aumento: $2,640,000. | F12: La cobertura médica debe acompañar todas las jornadas del evento. | G12: No
A13: ESPECIFICACIONES TECNICAS (ev) | B13: D217 | C13: Cantidades inconsistentes entre ítems relacionados (Act. 7) | D13: Refrigerios D217 = 190; Agua D216 = 360 (el texto fija 2 unidades por participante ⇒ 180 participantes) | E13: D217 = 180 participantes. Reducción: $274,790. | F13: Agua (360 = 2 × 180) y certificados/medallas (54 = 18 categorías × 3) parten de 180 participantes; el refrigerio debe coincidir. | G13: No
A14: ESPECIFICACIONES TECNICAS (ev) | B14: D292 | C14: Cantidad no concuerda con la descripción | D14: BONOS-INCENTIVOS: D=6 × $20.000.000 = $120.000.000 | E14: D292 = 3. Reducción: $60,000,000 (3 × $20.000.000 = $60.000.000). | F14: El texto del ítem fija 3 organizaciones con $20.000.000 cada una, según la meta 2026. | G14: No
A15: ESPECIFICACIONES TECNICAS (ev) | B15: F7 | C15: Cantidad insuficiente frente a los participantes programados | D15: Póliza de accidentes: F7 = 2800 personas (valor fijo) | E15: F7 = suma de participantes del detalle (fórmula): Persona Mayor 650×4 + Vacaciones 500 (tope del Anexo) + Canicross + Plogging + Ciclística + Atlética 800×2 + Engatidunt + Primera Infancia + El Tomás. | F15: La póliza debe cubrir a todos los participantes; ahora se actualiza sola si cambian las cantidades. Los 500 de Vacaciones son el tope definido en el Anexo (única constante). | G15: No
... A24: ESPECIFICACIONES TECNICAS (ev) | B24: A284 / A293 | C24: Encabezado de meta mal ubicado | D24: La fila 284 decía "4.2.4 Capacitar 150 personas" justo antes del bloque de iniciativas (filas 285-292) | E24: A284 ahora indica la Meta 1 (Beneficiar 2800 personas); el encabezado "4.2.4 Capacitar 150 personas" pasó a la fila 293, antes de las escuelas deportivas. | F24: Las iniciativas (285-292) hacen parte de la meta de 2.800; el rótulo de Capacitar 150 aplica a las escuelas deportivas (295-328). | G24: No
A27: ÍTEMS CON DESVIACIÓN > 25 % ENTRE COTIZACIONES (para validación; no se modificó ningún precio)
A28: Fila | B28: Ítem | C28: Cotizaciones (valor unitario) | D28: Mediana | E28: Desviación máx. | F28: Total mediana
A29: 44 | B29: Termo o botella reutilizable | C29: 8,992 / 15,290 / 12,000 | D29: ='ESPECIFICACIONES TECNICAS (ev)'!R44 -> 12000 | E29: 0.27415966 | F29: ='ESPECIFICACIONES TECNICAS (ev)'!S44 -> 31200000
A30: 46 | B30: Camiseta tipo polo institucional | C30: 71,459 / 52,027 / 41,492 | D30: ='ESPECIFICACIONES TECNICAS (ev)'!R46 -> 52027.098 | E30: 0.37349398 | F30: ='ESPECIFICACIONES TECNICAS (ev)'!S46 -> 1.3527045e+08
A31: 75 | B31: Tarima principal cubierta | C31: 350,000 / 200,000 / 215,000 | D31: ='ESPECIFICACIONES TECNICAS (ev)'!R75 -> 215000 | E31: 0.62790698 | F31: ='ESPECIFICACIONES TECNICAS (ev)'!S75 -> 215000
A32: 78 | B32: Podio de premiación – 1.er - 2.º - 3.er lugar | C32: 504,202 / 180,000 / 369,560 | D32: ='ESPECIFICACIONES TECNICAS (ev)'!R78 -> 369560 | E32: 0.5129343 | F32: ='ESPECIFICACIONES TECNICAS (ev)'!S78 -> 369560
A33: 87 | B33: CAMISETA DEPORTIVA | C33: 57,000 / 43,720 / 43,720 | D33: ='ESPECIFICACIONES TECNICAS (ev)'!R87 -> 43720.25 | E33: 0.30374369 | F33: ='ESPECIFICACIONES TECNICAS (ev)'!S87 -> 3934822.5
A34: 101 | B34: GUANTE DE CARNAZA | C34: 34,084 / 34,084 / 23,824 | D34: ='ESPECIFICACIONES TECNICAS (ev)'!R101 -> 34083.885 | E34: 0.30103247 | F34: ='ESPECIFICACIONES TECNICAS (ev)'!S101 -> 10225166
A35: 104 | B35: BOTILITO PARA AGUA | C35: 33,613 / 54,538 / 54,538 | D35: ='ESPECIFICACIONES TECNICAS (ev)'!R104 -> 54537.815 | E35: 0.38366718 | F35: ='ESPECIFICACIONES TECNICAS (ev)'!S104 -> 16361345
A36: 137 | B36: Podio de premiación | C36: 504,202 / 180,000 / 369,560 | D36: ='ESPECIFICACIONES TECNICAS (ev)'!R137 -> 369560 | E36: 0.5129343 | F36: ='ESPECIFICACIONES TECNICAS (ev)'!S137 -> 369560
A37: 146 | B37: ARCO INFLABLE | C37: 831,933 / 487,395 / 462,185 | D37: ='ESPECIFICACIONES TECNICAS (ev)'!R146 -> 487395 | E37: 0.70689687 | F37: ='ESPECIFICACIONES TECNICAS (ev)'!S146 -> 974790
A38: 154 | B38: Extensiones y cubrecables | C38: 210,000 / 210,000 / 108,319 | D38: ='ESPECIFICACIONES TECNICAS (ev)'!R154 -> 210000 | E38: 0.48419368 | F38: ='ESPECIFICACIONES TECNICAS (ev)'!S154 -> 420000
A39: 182 | B39: Podio de premiación | C39: 504,202 / 180,000 / 369,560 | D39: ='ESPECIFICACIONES TECNICAS (ev)'!R182 -> 369560 | E39: 0.5129343 | F39: ='ESPECIFICACIONES TECNICAS (ev)'!S182 -> 739120
A40: 188 | B40: ARCO INFLABLE | C40: 831,933 / 487,395 / 462,185 | D40: ='ESPECIFICACIONES TECNICAS (ev)'!R188 -> 487394.96 | E40: 0.70689702 | F40: ='ESPECIFICACIONES TECNICAS (ev)'!S188 -> 1949579.8
A41: 201 | B41: Extensiones y cubrecables | C41: 210,000 / 210,000 / 108,319 | D41: ='ESPECIFICACIONES TECNICAS (ev)'!R201 -> 210000 | E41: 0.48419368 | F41: ='ESPECIFICACIONES TECNICAS (ev)'!S201 -> 420000
A42: 215 | B42: Micrófonos inalámbricos | C42: 149,580 / 150,000 / 209,048 | D42: ='ESPECIFICACIONES TECNICAS (ev)'!R215 -> 150000 | E42: 0.39365408 | F42: ='ESPECIFICACIONES TECNICAS (ev)'!S215 -> 900000
A43: 225 | B43: Material de registro | C43: 672 / 504 / 294 | D43: ='ESPECIFICACIONES TECNICAS (ev)'!R225 -> 504 | E43: 0.41666667 | F43: ='ESPECIFICACIONES TECNICAS (ev)'!S225 -> 4536
A44: 258 | B44: Argollas para juego de rana | C44: 15,126 / 10,084 / 15,126 | D44: ='ESPECIFICACIONES TECNICAS (ev)'!R258 -> 15126.05 | E44: 0.33333333 | F44: ='ESPECIFICACIONES TECNICAS (ev)'!S258 -> 45378.151
